Workbook
Name \: #REF!
Name \0: #REF!
Name \a: #REF!
Name \b: [1]SID_NI_5!#REF!
Name \c: [1]SID_NI_5!#REF!
Name \e: #REF!
Name \fagf: #REF!
Name \I: #REF!
Name \p: [1]SID_NI_5!#REF!
Name \q: #REF!
Name \S: [2]COMPOS1!#REF!
Name \y: #N/A
Name ____________________________________PL1: #REF!
Name ___________________________________PL1: #REF!
Name __________________________________PL1: #REF!
Name _________________________________PL1: #REF!
Name ________________________________PL1: #REF!
Name _______________________________PL1: #REF!
Name ______________________________PL1: #REF!
Name _____________________________PL1: #REF!
Name ____________________________PL1: #REF!
Name ___________________________PL1: #REF!
Name __________________________PL1: #REF!
Name _________________________PL1: #REF!
Name _________________________tt1: #N/A
Name ________________________PL1: #REF!
Name ________________________tt1: #N/A
Name _______________________PL1: #REF!
Name _______________________tt1: #N/A
Name ______________________CAP20: #REF!
Name ______________________PL1: #REF!
Name ______________________TB10: #REF!
Name ______________________TCB5: #REF!
Name ______________________tcc4: #REF!
Name ______________________tt1: #N/A
Name _____________________CAP20: #REF!
Name _____________________PL1: #REF!
Name _____________________TB10: #REF!
Name _____________________TCB5: #REF!
Name _____________________tcc4: #REF!
Name _____________________tt1: #N/A
Name ____________________PL1: #REF!
Name ____________________tcc4: #REF!
Name ____________________tt1: #N/A
Name ___________________CAP20: #REF!
Name ___________________PL1: #REF!
Name ___________________TB10: #REF!
Name ___________________TCB5: #REF!
Name ___________________tcc4: #REF!
Name ___________________tt1: #N/A
Name __________________CAP20: #REF!
Name __________________PL1: #REF!
Name __________________TB10: #REF!
Name __________________TCB5: #REF!
Name __________________tcc4: #REF!
Name __________________tt1: #N/A
Name _________________CAP20: #REF!
Name _________________PL1: #REF!
Name _________________TB10: #REF!
Name _________________TCB5: #REF!

Sheet ORÇAMENTO
A2: MUNICÍPIO DE CAMPO MOURÃO SECRETARIA DE INFRAESTRUTURA E MOBILIDADE URBANA SEIMOB
H8: DATA: | I8: 46168
A9: OBRA: | B9: RECAPE E PAVIMENTAÇÃO ASFÁLTICA EM CBUQ | H9: BDI (Obra): 20,70
A10: LOCAL: | B10: RUA 27 DE DEZEMBRO | H10: BDI (Ligantes): 17,72 | L10: BDI | M10: 20.7
L11: BDI LIG. | M11: 17.72
A12: Item | B12: Cod. | C12: Origem | D12: Descrição | E12: Unidade | F12: Quantidade | G12: R$ Unit. | H12: R$ Unit. com BDI | I12: R$ Total
A13: 1 | D13: CUSTOS INDIRETOS | I13: =SUM(I14:I16) -> 926789.3 | K13: OK
A14: 1.1 | B14: 894280 | C14: DER/PR | D14: Administração Local | E14: gb | F14: 1 | G14: 388799.59 | H14: =ROUND(G14+((G14*$M$10)/100),2) -> 469281.1 | I14: =TRUNC(H14*F14,3) -> 469281.1
A15: 1.2 | B15: 892479 | C15: DER/PR | D15: Canteiro de Obras | E15: gb | F15: 1 | G15: 16230.555 | H15: =ROUND(G15+((G15*$M$10)/100),2) -> 19590.28 | I15: =TRUNC(H15*F15,3) -> 19590.28
A16: 1.3 | B16: 990550 | C16: DER/PR | D16: Mobilização e Desmobilização | E16: gb | F16: 1 | G16: 362815.18 | H16: =ROUND(G16+((G16*$M$10)/100),2) -> 437917.92 | I16: =TRUNC(H16*F16,3) -> 437917.92
A17: 2 | D17: TERRAPLENAGEM | I17: =SUM(I18:I20) -> 394271.68 | K17: ok
A18: 2.1 | B18: 401000 | C18: DER/PR | D18: =VLOOKUP(B18,DER,2,0) -> Compactação de aterros 100% PN (A) | E18: =VLOOKUP(B18,DER,3,0) -> m3 | F18: 16785.74 | G18: 6.3628832 | H18: =ROUND(G18+((G18*$M$10)/100),2) -> 7.68 | I18: =TRUNC(H18*F18,3) -> 128914.48
A19: 2.2 | B19: 410200 | C19: DER/PR | D19: =VLOOKUP(B19,DER,2,0) -> Esc. carga e transp. 1a. cat. 0-200m | E19: =VLOOKUP(B19,DER,3,0) -> m3 | F19: 16785.74 | G19: 8.2270091 | H19: =ROUND(G19+((G19*$M$10)/100),2) -> 9.93 | I19: 166682.39
A20: 2.3 | B20: 416010 | C20: DER/PR | D20: =VLOOKUP(B20,DER,2,0) -> Esc. carga e transp. 1a. cat. 5000-6000m | E20: =VLOOKUP(B20,DER,3,0) -> m3 | F20: 3811.31 | G20: 21.45 | H20: =ROUND(G20+((G20*$M$10)/100),2) -> 25.89 | I20: 98674.81
A21: 3 | D21: PAVIMENTAÇÃO | I21: 2946387.3 | K21: ok
A22: 3.1 | B22: 511000 | C22: DER/PR | D22: =VLOOKUP(B22,DER,2,0) -> Regularização compac.subleito S.A.F. 100% PI | E22: =VLOOKUP($B$22,DER,3,0) -> m2 | F22: 28117.78 | G22: 4.5 | H22: =ROUND(G22+((G22*$M$10)/100),2) -> 5.43 | I22: 152679.54
A23: 3.3 | B23: 531000 | C23: DER/PR | D23: =VLOOKUP(B23,DER,2,0) -> Brita graduada 100% PI | E23: =VLOOKUP(B23,DER,3,0) -> m3 | F23: 3768.61 | G23: 193.19 | H23: =ROUND(G23+((G23*$M$10)/100),2) -> 233.18 | I23: 878764.47
A24: 3.6 | B24: 570000 | C24: DER/PR | D24: =VLOOKUP(B24,DER,2,0) -> C.B.U.Q. exclusive fornec. e transporte do CAP (até 10.000 t) | E24: =VLOOKUP(B24,DER,3,0) -> t | F24: 3530.37 | G24: 227.3 | H24: =ROUND(G24+((G24*$M$10)/100),2) -> 274.35 | I24: 968557
A25: 3.2 | B25: 531300 | C25: DER/PR | D25: =VLOOKUP(B25,DER,2,0) -> Macadame seco britado preenchido c/brita graduada | E25: =VLOOKUP(B25,DER,3,0) -> m3 | F25: 3768.61 | G25: 155.44 | H25: =ROUND(G25+((G25*$M$10)/100),2) -> 187.62 | I25: 707066.6
A26: 3.4 | B26: 560100 | C26: DER/PR | D26: =VLOOKUP(B26,DER,2,0) -> Imprimação impermeabilizante exclusive fornecimento e transporte da emulsão | E26: =VLOOKUP(B26,DER,3,0) -> m2 | F26: 25124.04 | G26: 0.50539 | H26: =ROUND(G26+((G26*$M$10)/100),2) -> 0.61 | I26: =TRUNC(H26*F26,3) -> 15325.664
A27: 3.5 | B27: 561100 | C27: DER/PR | D27: =VLOOKUP(B27,DER,2,0) -> Pintura de ligação exclusive fornecimento e transporte da emulsão | E27: =VLOOKUP(B27,DER,3,0) -> m2 | F27: 29897.04 | G27: 0.35 | H27: =ROUND(G27+((G27*$M$10)/100),2) -> 0.42 | I27: 12556.75
A28: 3.7 | B28: 581050 | C28: DER/PR | D28: =VLOOKUP(B28,DER,2,0) -> Transporte de cimento asfáltico CAP-50/70 (usina) | E28: =VLOOKUP(B28,DER,3,0) -> t.km | F28: =185.34*452 -> 83773.68 | G28: 0.94 | H28: =ROUND(G28+((G28*$M$11)/100),2) -> 1.11 | I28: =TRUNC(H28*F28,3) -> 92988.784
A29: 3.8 | B29: 581011 | C29: DER/PR | D29: =VLOOKUP(B29,DER,2,0) -> Transporte de emulsão (trecho) | E29: =VLOOKUP(B29,DER,3,0) -> t.km | F29: =45.1*109 -> 4915.9 | G29: 0.86 | H29: =ROUND(G29+((G29*$M$11)/100),2) -> 1.01 | I29: 4965.05
A30: 3.9 | B30: 501000 | C30: DER/PR | D30: Escarificação e remoção revestimento primário | E30: m3 | F30: 5623.56 | G30: 16.72 | H30: =ROUND(G30+((G30*$M$10)/100),2) -> 20.18 | I30: =TRUNC(H30*F30,3) -> 113483.44
A31: 4 | D31: FORNECIMENTO DE LIGANTES | I31: 1218936.4 | K31: ok
A32: 4.1 | B32: 589190 | C32: DER/PR | D32: =VLOOKUP(B32,DER,2,0) -> Fornecimento de emulsão asfáltica EAI p/imprimação | E32: =VLOOKUP(B32,DER,3,0) -> t | F32: 30.15 | G32: 3389.71 | H32: 3990.36 | I32: =TRUNC(H32*F32,3) -> 120309.35
A33: 4.2 | B33: 589420 | C33: DER/PR | D33: =VLOOKUP(B33,DER,2,0) -> Fornecimento de emulsão asfáltica RR-1C | E33: =VLOOKUP(B33,DER,3,0) -> t | F33: 14.95 | G33: 3462.14 | H33: =ROUND(G33+((G33*$M$11)/100),2) -> 4075.63 | I33: =TRUNC(H33*F33,3) -> 60930.668
A34: 4.3 | B34: 589000 | C34: DER/PR | D34: =VLOOKUP(B34,DER,2,0) -> Fornecimento de CAP-50/70 | E34: =VLOOKUP(B34,DER,3,0) -> t | F34: 185.34 | G34: 4756.1 | H34: =ROUND(G34+((G34*$M$11)/100),2) -> 5598.88 | I34: =TRUNC(H34*F34,3) -> 1037696.4
A35: 5.1 | D35: DRENAGEM | I35: 974150.36
A36: 5.1 | B36: 600300 | C36: DER/PR | D36: =VLOOKUP(B36,DER,2,0) -> Escavação de bueiros em 1a. cat. | E36: =VLOOKUP(B36,DER,3,0) -> m3 | F36: 3529.26 | G36: 8.91 | H36: =ROUND(G36+((G36*$M$10)/100),2) -> 10.75 | I36: =TRUNC(H36*F36,3) -> 37939.545
A37: 5.2 | B37: 601200 | C37: DER/PR | D37: =VLOOKUP(B37,DER,2,0) -> Reaterro e apiloamento mecânico | E37: =VLOOKUP(B37,DER,3,0) -> m3 | F37: 2588.76 | G37: 27.15 | H37: =ROUND(G37+((G37*$M$10)/100),2) -> 32.77 | I37: =TRUNC(H37*F37,3) -> 84833.665
A38: 5.3 | B38: 695010 | C38: DER/PR | D38: Corpo de BSTC 0,40m sem berço com tubo PS-1 | E38: m | F38: 276 | G38: 100.84 | H38: =ROUND(G38+((G38*$M$10)/100),2) -> 121.71 | I38: =TRUNC(H38*F38,3) -> 33591.96
A39: 5.4 | B39: 692610 | C39: DER/PR | D39: Corpo de BSTC 0,60m sem berço com tubo PS-1 | E39: m | F39: 455 | G39: 184.22 | H39: =ROUND(G39+((G39*$M$10)/100),2) -> 222.35 | I39: =TRUNC(H39*F39,3) -> 101169.25
A40: 5.5 | B40: 692620 | C40: DER/PR | D40: Corpo de BSTC 0,80m sem berço com tubo PA-1 | E40: m | F40: 507 | G40: 411.09 | H40: =ROUND(G40+((G40*$M$10)/100),2) -> 496.19 | I40: =TRUNC(H40*F40,3) -> 251568.33
A41: 5.6 | B41: 692580 | C41: DER/PR | D41: Corpo de BSTC 1,00m sem berço com tubo PA-1 | E41: m | F41: 210 | G41: 544.72 | H41: =ROUND(G41+((G41*$M$10)/100),2) -> 657.48 | I41: =TRUNC(H41*F41,3) -> 138070.8
A42: 5.7 | B42: COMP-4 | C42: DER/PR | D42: Meio-fio em concreto (executado com extrusora) | E42: m | F42: 5987.49 | G42: 45.244408 | H42: =ROUND(G42+((G42*$M$10)/100),2) -> 54.61 | I42: =TRUNC(H42*F42,3) -> 326976.83
A43: 6 | D43: BOCA DE BUEIRO PARA TUBOS CIRCULARES (1,00m e 0,60m) - Esc. 30° | I43: 6155.99
A44: 6.1 | B44: 605000 | C44: DER/PR | D44: =VLOOKUP(B44,DER,2,0) -> Concreto magro, preparo em betoneira e lanç. | E44: =VLOOKUP(B44,DER,3,0) -> m3 | F44: =ROUND($N$44*SUM(L44:M44),2) -> 5.58 | G44: 636.11433 | H44: =ROUND(G44+((G44*$M$10)/100),2) -> 767.79 | I44: =TRUNC(H44*F44,3) -> 4284.268 | L44: 4.206 | M44: 1.37 | N44: 1
A45: 6.2 | B45: 602000 | C45: DER/PR | D45: =VLOOKUP(B45,DER,2,0) -> Formas de madeira comum | E45: =VLOOKUP(B45,DER,3,0) -> m2 | F45: =ROUND($N$45*SUM(L45:M45),2) -> 24.9 | G45: 62.28 | H45: =ROUND(G45+((G45*$M$10)/100),2) -> 75.17 | I45: =TRUNC(H45*F45,3) -> 1871.733 | L45: 16.19 | M45: 8.71 | N45: 1
A46: 7 | D46: DISSIPADOR DE ENERGIA (1,00m e 0,60m) | I46: 6638.24
A47: 7.1 | B47: 605300 | C47: DER/PR | D47: =VLOOKUP(B47,DER,2,0) -> Concreto Fck = 15 MPa, preparo em betoneira e lanç. | E47: =VLOOKUP(B47,DER,3,0) -> m3 | F47: =ROUND($N$44*SUM(L47:M47),2) -> 3.59 | G47: 740.95278 | H47: =ROUND(G47+((G47*$M$10)/100),2) -> 894.33 | I47: =TRUNC(H47*F47,3) -> 3210.644 | L47: 1.135 | M47: 2.456
A48: 7.2 | B48: 602000 | C48: DER/PR | D48: =VLOOKUP(B48,DER,2,0) -> Formas de madeira comum | E48: =VLOOKUP(B48,DER,3,0) -> m2 | F48: =ROUND($N$45*SUM(L48:M48),2) -> 22.2 | G48: 62.28 | H48: =ROUND(G48+((G48*$M$10)/100),2) -> 75.17 | I48: =TRUNC(H48*F48,3) -> 1668.774 | L48: 8.15 | M48: 14.05
A49: 7.3 | B49: 603700 | C49: DER/PR | D49: =VLOOKUP(B49,DER,2,0) -> Enrocamento pedra de mão arrumada | E49: =VLOOKUP(B49,DER,3,0) -> m3 | F49: =ROUND($N$45*SUM(L49:M49),2) -> 5.23 | G49: 248.1773 | H49: =ROUND(G49+((G49*$M$10)/100),2) -> 299.55 | I49: =TRUNC(H49*F49,3) -> 1566.646 | L49: 1.53 | M49: 3.7
A50: 7.4 | B50: 600600 | C50: DER/PR | D50: =VLOOKUP(B50,DER,2,0) -> Escavação valas de drenagem 1a. cat. | E50: =VLOOKUP(B50,DER,3,0) -> m3 | F50: =ROUND($N$45*SUM(L50:M50),2) -> 7.72 | G50: 17.812759 | H50: =ROUND(G50+((G50*$M$10)/100),2) -> 21.5 | I50: =TRUNC(H50*F50,3) -> 165.98 | L50: 2.42 | M50: 5.3
A51: 7.5 | B51: 601200 | C51: DER/PR | D51: =VLOOKUP(B51,DER,2,0) -> Reaterro e apiloamento mecânico | E51: =VLOOKUP(B51,DER,3,0) -> m3 | F51: =ROUND($N$45*SUM(L51:M51),2) -> 0.8 | G51: 27.15 | H51: =ROUND(G51+((G51*$M$10)/100),2) -> 32.77 | I51: =TRUNC(H51*F51,3) -> 26.216 | L51: 0.3 | M51: 0.5
A52: 8 | D52: BOCA DE LOBO SIMPLES | I52: 554317.3 | M52: 84
A53: 8.1 | B53: 605000 | C53: DER/PR | D53: =VLOOKUP(B53,DER,2,0) -> Concreto magro, preparo em betoneira e lanç. | E53: =VLOOKUP(B53,DER,3,0) -> m3 | F53: =ROUND($M$52*L53,2) -> 15.96 | G53: 636.11433 | H53: =ROUND(G53+((G53*$M$10)/100),2) -> 767.79 | I53: =TRUNC(H53*F53,3) -> 12253.928 | L53: 0.19
A54: 8.2 | B54: 605500 | C54: DER/PR | D54: =VLOOKUP(B54,DER,2,0) -> Concreto Fck = 20 MPa, preparo em betoneira e lanç. | E54: =VLOOKUP(B54,DER,3,0) -> m3 | F54: =ROUND($M$52*L54,2) -> 55.44 | G54: 780.91964 | H54: =ROUND(G54+((G54*$M$10)/100),2) -> 942.57 | I54: =TRUNC(H54*F54,3) -> 52256.08 | L54: 0.66
A55: 8.3 | B55: 602000 | C55: DER/PR | D55: =VLOOKUP(B55,DER,2,0) -> Formas de madeira comum | E55: =VLOOKUP(B55,DER,3,0) -> m2 | F55: =ROUND($M$52*L55,2) -> 298.2 | G55: 62.28 | H55: =ROUND(G55+((G55*$M$10)/100),2) -> 75.17 | I55: =TRUNC(H55*F55,3) -> 22415.694 | L55: 3.55
A56: 8.4 | B56: 603500 | C56: DER/PR | D56: =VLOOKUP(B56,DER,2,0) -> Alvenaria de tijolos maciços | E56: =VLOOKUP(B56,DER,3,0) -> m3 | F56: =ROUND($M$52*L56,2) -> 39.48 | G56: 1634.507 | H56: =ROUND(G56+((G56*$M$10)/100),2) -> 1972.85 | I56: =TRUNC(H56*F56,3) -> 77888.118 | L56: 0.47
A57: 8.5 | B57: 604000 | C57: DER/PR | D57: =VLOOKUP(B57,DER,2,0) -> Argamassa cimento e areia 1:3 | E57: =VLOOKUP(B57,DER,3,0) -> m3 | F57: =ROUND($M$52*L57,2) -> 298.2 | G57: 858.18558 | H57: =ROUND(G57+((G57*$M$10)/100),2) -> 1035.83 | I57: =TRUNC(H57*F57,3) -> 308884.51 | L57: 3.55
A58: 8.6 | B58: 603000 | C58: DER/PR | D58: =VLOOKUP(B58,DER,2,0) -> Aço CA-50 fornec. dobr. colocação | E58: =VLOOKUP(B58,DER,3,0) -> kg | F58: =ROUND($M$52*L58,2) -> 4620 | G58: 14.46 | H58: =ROUND(G58+((G58*$M$10)/100),2) -> 17.45 | I58: =TRUNC(H58*F58,3) -> 80619 | L58: =39+16 -> 55
A59: 9 | D59: BOCA DE LOBO DUPLA | I59: 189263.85 | M59: 8
A60: 9.1 | B60: 605000 | C60: DER/PR | D60: =VLOOKUP(B60,DER,2,0) -> Concreto magro, preparo em betoneira e lanç. | E60: =VLOOKUP(B60,DER,3,0) -> m3 | F60: =ROUND($M$59*L60,2) -> 3.28 | G60: 636.11433 | H60: =ROUND(G60+((G60*$M$10)/100),2) -> 767.79 | I60: =TRUNC(H60*F60,3) -> 2518.351 | L60: 0.41
A61: 9.2 | B61: 605500 | C61: DER/PR | D61: =VLOOKUP(B61,DER,2,0) -> Concreto Fck = 20 MPa, preparo em betoneira e lanç. | E61: =VLOOKUP(B61,DER,3,0) -> m3 | F61: =ROUND($M$59*L61,2) -> 8.32 | G61: 780.91964 | H61: =ROUND(G61+((G61*$M$10)/100),2) -> 942.57 | I61: =TRUNC(H61*F61,3) -> 7842.182 | L61: =0.88+0.16 -> 1.04
A62: 9.3 | B62: 602000 | C62: DER/PR | D62: =VLOOKUP(B62,DER,2,0) -> Formas de madeira comum | E62: =VLOOKUP(B62,DER,3,0) -> m2 | F62: =ROUND($M$59*L62,2) -> 51.12 | G62: 62.28 | H62: =ROUND(G62+((G62*$M$10)/100),2) -> 75.17 | I62: =TRUNC(H62*F62,3) -> 3842.69 | L62: 6.39
A63: 9.4 | B63: 603500 | C63: DER/PR | D63: =VLOOKUP(B63,DER,2,0) -> Alvenaria de tijolos maciços | E63: =VLOOKUP(B63,DER,3,0) -> m3 | F63: =ROUND($M$59*L63,2) -> 55.44 | G63: 1634.507 | H63: =ROUND(G63+((G63*$M$10)/100),2) -> 1972.85 | I63: =TRUNC(H63*F63,3) -> 109374.8 | L63: 6.93
A64: 9.5 | B64: 604000 | C64: DER/PR | D64: =VLOOKUP(B64,DER,2,0) -> Argamassa cimento e areia 1:3 | E64: =VLOOKUP(B64,DER,3,0) -> m3 | F64: =ROUND($M$59*L64,2) -> 50.88 | G64: 858.18558 | H64: =ROUND(G64+((G64*$M$10)/100),2) -> 1035.83 | I64: =TRUNC(H64*F64,3) -> 52703.03 | L64: 6.36
A65: 9.6 | B65: 603000 | C65: DER/PR | D65: =VLOOKUP(B65,DER,2,0) -> Aço CA-50 fornec. dobr. colocação | E65: =VLOOKUP(B65,DER,3,0) -> kg | F65: =ROUND($M$59*L65,2) -> 744 | G65: 14.46 | H65: =ROUND(G65+((G65*$M$10)/100),2) -> 17.45 | I65: =TRUNC(H65*F65,3) -> 12982.8 | L65: =69+24 -> 93
A66: 10 | D66: CAIXA DE LIGAÇÃO E PASSAGEM | I66: 187267.59 | M66: 5
A67: 10.1 | B67: 605000 | C67: DER/PR | D67: =VLOOKUP(B67,DER,2,0) -> Concreto magro, preparo em betoneira e lanç. | E67: =VLOOKUP(B67,DER,3,0) -> m3 | F67: =ROUND($M$66*L67,2) -> 0.68 | G67: 636.11433 | H67: =ROUND(G67+((G67*$M$10)/100),2) -> 767.79 | I67: =TRUNC(H67*F67,3) -> 522.097 | L67: 0.136
A68: 10.2 | B68: 605500 | C68: DER/PR | D68: =VLOOKUP(B68,DER,2,0) -> Concreto Fck = 20 MPa, preparo em betoneira e lanç. | E68: =VLOOKUP(B68,DER,3,0) -> m3 | F68: 8.32 | G68: 780.91964 | H68: =ROUND(G68+((G68*$M$10)/100),2) -> 942.57 | I68: =TRUNC(H68*F68,3) -> 7842.182 | L68: =0.14+1.06 -> 1.2
A69: 10.3 | B69: 602000 | C69: DER/PR | D69: =VLOOKUP(B69,DER,2,0) -> Formas de madeira comum | E69: =VLOOKUP(B69,DER,3,0) -> m2 | F69: 51.12 | G69: 62.28 | H69: =ROUND(G69+((G69*$M$10)/100),2) -> 75.17 | I69: =TRUNC(H69*F69,3) -> 3842.69 | L69: 6.3
A70: 10.4 | B70: 603500 | C70: DER/PR | D70: =VLOOKUP(B70,DER,2,0) -> Alvenaria de tijolos maciços | E70: =VLOOKUP(B70,DER,3,0) -> m3 | F70: 55.44 | G70: 1634.507 | H70: =ROUND(G70+((G70*$M$10)/100),2) -> 1972.85 | I70: =TRUNC(H70*F70,3) -> 109374.8 | L70: 1.24
A71: 10.5 | B71: 604000 | C71: DER/PR | D71: =VLOOKUP(B71,DER,2,0) -> Argamassa cimento e areia 1:3 | E71: =VLOOKUP(B71,DER,3,0) -> m3 | F71: 50.88 | G71: 858.18558 | H71: =ROUND(G71+((G71*$M$10)/100),2) -> 1035.83 | I71: =TRUNC(H71*F71,3) -> 52703.03 | L71: 5.52
A72: 10.6 | B72: 603000 | C72: DER/PR | D72: =VLOOKUP(B72,DER,2,0) -> Aço CA-50 fornec. dobr. colocação | E72: =VLOOKUP(B72,DER,3,0) -> kg | F72: 744 | G72: 14.46 | H72: =ROUND(G72+((G72*$M$10)/100),2) -> 17.45 | I72: =TRUNC(H72*F72,3) -> 12982.8 | L72: 30.65
A73: 11 | D73: POÇO DE VISITA | I73: 52040.14 | M73: 18
A74: 11.1 | B74: 605000 | C74: DER/PR | D74: =VLOOKUP(B74,DER,2,0) -> Concreto magro, preparo em betoneira e lanç. | E74: =VLOOKUP(B74,DER,3,0) -> m3 | F74: 0.68 | G74: 636.11433 | H74: =ROUND(G74+((G74*$M$10)/100),2) -> 767.79 | I74: =TRUNC(H74*F74,3) -> 522.097 | L74: 0.14
A75: 11.2 | B75: 605500 | C75: DER/PR | D75: =VLOOKUP(B75,DER,2,0) -> Concreto Fck = 20 MPa, preparo em betoneira e lanç. | E75: =VLOOKUP(B75,DER,3,0) -> m3 | F75: 6 | G75: 780.91964 | H75: =ROUND(G75+((G75*$M$10)/100),2) -> 942.57 | I75: =TRUNC(H75*F75,3) -> 5655.42 | L75: =0.8+0.135 -> 0.935
A76: 11.3 | B76: 602000 | C76: DER/PR | D76: =VLOOKUP(B76,DER,2,0) -> Formas de madeira comum | E76: =VLOOKUP(B76,DER,3,0) -> m2 | F76: 31.5 | G76: 62.28 | H76: =ROUND(G76+((G76*$M$10)/100),2) -> 75.17 | I76: =TRUNC(H76*F76,3) -> 2367.855 | L76: 8.9
A77: 11.4 | B77: 603500 | C77: DER/PR | D77: =VLOOKUP(B77,DER,2,0) -> Alvenaria de tijolos maciços | E77: =VLOOKUP(B77,DER,3,0) -> m3 | F77: 6.2 | G77: 1634.507 | H77: =ROUND(G77+((G77*$M$10)/100),2) -> 1972.85 | I77: =TRUNC(H77*F77,3) -> 12231.67 | L77: 1.285
A78: 11.5 | B78: 604000 | C78: DER/PR | D78: =VLOOKUP(B78,DER,2,0) -> Argamassa cimento e areia 1:3 | E78: =VLOOKUP(B78,DER,3,0) -> m3 | F78: 27.6 | G78: 858.18558 | H78: =ROUND(G78+((G78*$M$10)/100),2) -> 1035.83 | I78: =TRUNC(H78*F78,3) -> 28588.908 | L78: 0.12
A79: 11.6 | B79: 603000 | C79: DER/PR | D79: =VLOOKUP(B79,DER,2,0) -> Aço CA-50 fornec. dobr. colocação | E79: =VLOOKUP(B79,DER,3,0) -> kg | F79: 153.25 | G79: 14.46 | H79: =ROUND(G79+((G79*$M$10)/100),2) -> 17.45 | I79: =TRUNC(H79*F79,3) -> 2674.212 | L79: =21.83+11.31 -> 33.14
A80: 12 | D80: BTCC 3x4m | I80: 1827693.8 | M80: 30.3
A81: 12.1 | B81: 603900 | C81: DER/PR | D81: =VLOOKUP(B81,DER,2,0) -> Lastro de brita | E81: =VLOOKUP(B81,DER,3,0) -> m3 | F81: =ROUND($M$80*L81,2) -> 30.3 | G81: 159.81773 | H81: =ROUND(G81+((G81*$M$10)/100),2) -> 192.9 | I81: =TRUNC(H81*F81,3) -> 5844.87 | K81: Lastro | L81: 1
A82: 12.2 | B82: 711000 | C82: DER/PR | D82: =VLOOKUP(B82,DER,2,0) -> Formas de madeira compensada resinada | E82: =VLOOKUP(B82,DER,3,0) -> m2 | F82: =ROUND($M$80*L82,2) -> 1260.48 | G82: 78.23 | H82: =ROUND(G82+((G82*$M$10)/100),2) -> 94.42 | I82: =TRUNC(H82*F82,3) -> 119014.52 | K82: Forma | L82: 41.6
A83: 12.3 | B83: 605800 | C83: DER/PR | D83: =VLOOKUP(B83,DER,2,0) -> Concreto Fck = 25 MPa, preparo em betoneira e lanç. | E83: =VLOOKUP(B83,DER,3,0) -> m3 | F83: =ROUND($M$80*L83,2) -> 223.01 | G83: 814.76388 | H83: =ROUND(G83+((G83*$M$10)/100),2) -> 983.42 | I83: =TRUNC(H83*F83,3) -> 219312.49 | K83: Concreto | L83: 7.36
A84: 12.4 | B84: 605300 | C84: DER/PR | D84: =VLOOKUP(B84,DER,2,0) -> Concreto Fck = 15 MPa, preparo em betoneira e lanç. | E84: =VLOOKUP(B84,DER,3,0) -> m3 | F84: 1273 | G84: 740.95278 | H84: =ROUND(G84+((G84*$M$10)/100),2) -> 894.33 | I84: =TRUNC(H84*F84,3) -> 1138482.1 | K84: Revestimento | L84: 0.42
A85: 12.5 | B85: 712200 | C85: DER/PR | D85: =VLOOKUP(B85,DER,2,0) -> Escoramento de galerias celulares | E85: =VLOOKUP(B85,DER,3,0) -> m3 | F85: =ROUND($M$80*L85,2) -> 1083.53 | G85: 77.763049 | H85: =ROUND(G85+((G85*$M$10)/100),2) -> 93.86 | I85: =TRUNC(H85*F85,3) -> 101700.12 | K85: Escoramento | L85: 35.76
A86: 12.6 | B86: 603000 | C86: DER/PR | D86: =VLOOKUP(B86,DER,2,0) -> Aço CA-50 fornec. dobr. colocação | E86: =VLOOKUP(B86,DER,3,0) -> kg | F86: =ROUND($M$80*L86,2) -> 13944.97 | G86: 14.46 | H86: =ROUND(G86+((G86*$M$10)/100),2) -> 17.45 | I86: =TRUNC(H86*F86,3) -> 243339.73 | K86: Aço | L86: 460.23
A87: 13 | D87: Boca de BTCC 3x4m - Quantidade para 02 Bocas | I87: 164358.73 | M87: 1
A88: 13.1 | B88: 603900 | C88: DER/PR | D88: =VLOOKUP(B88,DER,2,0) -> Lastro de brita | E88: =VLOOKUP(B88,DER,3,0) -> m3 | F88: =ROUND($M$87*L88,2) -> 19.52 | G88: 159.81773 | H88: =ROUND(G88+((G88*$M$10)/100),2) -> 192.9 | I88: =TRUNC(H88*F88,3) -> 3765.408 | K88: Lastro | L88: 19.52
A89: 13.2 | B89: 711000 | C89: DER/PR | D89: =VLOOKUP(B89,DER,2,0) -> Formas de madeira compensada resinada | E89: =VLOOKUP(B89,DER,3,0) -> m2 | F89: =ROUND($M$87*L89,2) -> 214.26 | G89: 78.23 | H89: =ROUND(G89+((G89*$M$10)/100),2) -> 94.42 | I89: =TRUNC(H89*F89,3) -> 20230.429 | K89: Forma | L89: 214.26
A90: 13.3 | B90: 605800 | C90: DER/PR | D90: =VLOOKUP(B90,DER,2,0) -> Concreto Fck = 25 MPa, preparo em betoneira e lanç. | E90: =VLOOKUP(B90,DER,3,0) -> m3 | F90: =ROUND($M$87*L90,2) -> 60.23 | G90: 814.76388 | H90: =ROUND(G90+((G90*$M$10)/100),2) -> 983.42 | I90: =TRUNC(H90*F90,3) -> 59231.386 | K90: Concreto | L90: 60.23
A91: 13.4 | B91: 712200 | C91: DER/PR | D91: =VLOOKUP(B91,DER,2,0) -> Escoramento de galerias celulares | E91: =VLOOKUP(B91,DER,3,0) -> m3 | F91: =ROUND($M$87*L91,2) -> 401.83 | G91: 77.763049 | H91: =ROUND(G91+((G91*$M$10)/100),2) -> 93.86 | I91: =TRUNC(H91*F91,3) -> 37715.763 | K91: Escoramento | L91: 401.83
A92: 13.5 | B92: 603000 | C92: DER/PR | D92: =VLOOKUP(B92,DER,2,0) -> Aço CA-50 fornec. dobr. colocação | E92: =VLOOKUP(B92,DER,3,0) -> kg | F92: =ROUND($M$87*L92,2) -> 2488.01 | G92: 14.46 | H92: =ROUND(G92+((G92*$M$10)/100),2) -> 17.45 | I92: =TRUNC(H92*F92,3) -> 43415.774 | K92: Aço | L92: 2488.01
A93: 14 | D93: URBANIZAÇÃO | I93: 602925.69
A94: 14.1 | B94: 605300 | C94: DER/PR | D94: =VLOOKUP(B94,DER,2,0) -> Concreto Fck = 15 MPa, preparo em betoneira e lanç. | E94: =VLOOKUP(B94,DER,3,0) -> m3 | F94: =4947.07*0.06 -> 296.8242 | G94: 740.95278 | H94: =ROUND(G94+((G94*$M$10)/100),2) -> 894.33 | I94: =TRUNC(H94*F94,3) -> 265458.79
A95: 14.2 | B95: 801070 | C95: DER/PR | D95: =VLOOKUP(B95,DER,2,0) -> Regularização e compactação manual de passeios | E95: =VLOOKUP(B95,DER,3,0) -> m2 | F95: 4947.07 | G95: 8.91 | H95: =ROUND(G95+((G95*$M$10)/100),2) -> 10.75 | I95: =TRUNC(H95*F95,3) -> 53181.002
A96: 14.3 | B96: 603900 | C96: DER/PR | D96: =VLOOKUP(B96,DER,2,0) -> Lastro de brita | E96: =VLOOKUP(B96,DER,3,0) -> m3 | F96: =4947.07*0.03 -> 148.4121 | G96: 159.81773 | H96: =ROUND(G96+((G96*$M$10)/100),2) -> 192.9 | I96: =TRUNC(H96*F96,3) -> 28628.694
A97: 14.4 | B97: 800000 | C97: DER/PR | D97: =VLOOKUP(B97,DER,2,0) -> Enleivamento | E97: =VLOOKUP(B97,DER,3,0) -> m2 | F97: 5708.84 | G97: 11.636146 | H97: =ROUND(G97+((G97*$M$10)/100),2) -> 14.04 | I97: =TRUNC(H97*F97,3) -> 80152.113
A98: 14.5 | B98: 834907 | C98: DER/PR | D98: =VLOOKUP(B98,DER,2,0) -> Fornecimento e assentamento de piso tátil de concreto alerta/direcional 40x40cm vermelho | E98: =VLOOKUP(B98,DER,3,0) -> m2 | F98: 1238.31 | G98: 108.94 | H98: =ROUND(G98+((G98*$M$10)/100),2) -> 131.49 | I98: =TRUNC(H98*F98,3) -> 162825.38
A99: 14.6 | B99: 605000 | C99: DER/PR | D99: =VLOOKUP(B99,DER,2,0) -> Concreto magro, preparo em betoneira e lanç. | E99: =VLOOKUP(B99,DER,3,0) -> m3 | F99: =7.65*0.06*36 -> 16.524 | G99: 636.11433 | H99: =ROUND(G99+((G99*$M$10)/100),2) -> 767.79 | I99: =TRUNC(H99*F99,3) -> 12686.961
A100: 15 | D100: SINALIZAÇÃO | I100: =SUM(I101:I104) -> 49842.11
A101: 15.1 | C101: DER/PR | D101: Placa de Obra 4,00 x 2,00m | E101: ud | F101: 1 | G101: 1163.48 | H101: =ROUND(G101+((G101*$M$10)/100),2) -> 1404.32 | I101: =TRUNC(H101*F101,3) -> 1404.32
A102: 15.2 | B102: 822100 | C102: DER/PR | D102: =VLOOKUP(B102,DER,2,0) -> Faixa de sinalização horizontal c/tinta resina acrílica base água | E102: =VLOOKUP(B102,DER,3,0) -> m2 | F102: 1185.83 | G102: 22.24 | H102: =ROUND(G102+((G102*$M$10)/100),2) -> 26.84 | I102: 31827.67
A103: 15.3 | B103: 821350 | C103: DER/PR | D103: =VLOOKUP(B103,DER,2,0) -> Suporte metálico galv. fogo d=2,5" c/tampa e aletas anti-giro, h=3,50m | E103: =VLOOKUP(B103,DER,3,0) -> ud | F103: 24 | G103: 465.61 | H103: =ROUND(G103+((G103*$M$10)/100),2) -> 561.99 | I103: =TRUNC(H103*F103,3) -> 13487.76
A104: 15.4 | B104: 820000 | C104: DER/PR | D104: =VLOOKUP(B104,DER,2,0) -> Placa sinalização c/ película refletiva | E104: =VLOOKUP(B104,DER,3,0) -> m2 | F104: =0.1964*19+0.216*5 -> 4.8116 | G104: 537.82 | H104: 649.14 | I104: 3122.36
A106: TOTAL DO ORÇAMENTO → | I106: =SUM(I13,I21,I31,I35,I100,I43,I52,I59,I66,I73,I80,I87,I93,I17,I46) -> 10101039
A109: Data Base: | B109: Agosto/2025 - sem desoneração
...

Sheet CRONOGRAMA
A1: MODELO DE CRONOGRAMA PARA SER UTILIZADO QUANDO SE TRATAR APENAS DE UM TIPO DE OBRA. QUANDO HOUVER REPAROS E MELHORIAS NA MESMA OBRA, ELABORAR CRONOGRAMAS SEPARADOS
L3: PRÓPRIO: | X3: DATA: | Y3: 46098
L4: MUNICÍPIO: | M4: CAMPO MOURÃO | X4: TIPO OBRA: | Y4: PAVIMENTAÇÃO
L5: EMPRESA: | X5: PROTOCOLO:
X6: PRAZO EXECUÇÃO | Y6: 300
X7: BDI | Y7: 0
A8: ITEM | B8: SERVIÇOS | D8: 30 | E8: % NO PERIODO | F8: 60 | G8: % NO PERIODO | H8: 90 | I8: % NO PERIODO | J8: 120 | K8: % NO PERIODO | L8: 150 | M8: % NO PERIODO | N8: 180 | O8: % NO PERIODO | P8: 210 | Q8: % NO PERIODO | R8: 240 | S8: % NO PERIODO | T8: 270 | U8: % NO PERIODO | V8: 300 | W8: % NO PERIODO | X8: VALOR | Y8: VALOR
C9: ÍNDICE | X9: SERVIÇO | Y9: PLANILHA
A10: 1 | B10: =ORÇAMENTO!D13 -> CUSTOS INDIRETOS | C10: =IFERROR(X10/$X$31,0) -> 0.091751883 | D10: =IF(B10<>"",E10*X10," ") -> 278036.79 | E10: 0.3 | F10: =IF(B10<>"",G10*X10," ") -> 0 | H10: =IF(B10<>"",I10*X10," ") -> 0 | J10: =IF(B10<>"",K10*X10," ") -> 370715.72 | K10: 0.4 | L10: =IF(B10<>"",M10*X10," ") -> 0 | N10: =IF(B10<>"",O10*X10," ") -> 0 | P10: =IF(D10<>"",Q10*Z10," ") -> 0 | R10: =IF(F10<>"",S10*X10," ") -> 0 | T10: =IF(H10<>"",U10*X10," ") -> 0 | V10: =IF(J10<>"",W10*X10," ") -> 278036.79 | W10: 0.3 | X10: =(IF(B10<>"",Y10*(1+$Y$7)," ")) -> 926789.3 | Y10: =ORÇAMENTO!I13 -> 926789.3 | AB10: =E10+G10+I10+K10+M10+O10+Q10+S10+U10+W10 -> 1
A11: 2 | B11: =ORÇAMENTO!D17 -> TERRAPLENAGEM | C11: =IFERROR(X11/$X$31,0) -> 0.039032787 | D11: =IF(B11<>"",E11*X11," ") -> 78854.337 | E11: 0.2 | F11: =IF(B11<>"",G11*X11," ") -> 78854.337 | G11: 0.2 | H11: =IF(B11<>"",I11*X11," ") -> 78854.337 | I11: 0.2 | J11: =IF(B11<>"",K11*X11," ") -> 78854.337 | K11: 0.2 | L11: =IF(B11<>"",M11*X11," ") -> 78854.337 | M11: 0.2 | N11: =IF(B11<>"",O11*X11," ") -> 0 | P11: =IF(D11<>"",Q11*Z11," ") -> 0 | R11: =IF(F11<>"",S11*X11," ") -> 0 | T11: =IF(H11<>"",U11*X11," ") -> 0 | V11: =IF(J11<>"",W11*X11," ") -> 0 | X11: =(IF(B11<>"",Y11*(1+$Y$7)," ")) -> 394271.68 | Y11: =ORÇAMENTO!I17 -> 394271.68 | AB11: =E11+G11+I11+K11+M11+O11+Q11+S11+U11+W11 -> 1
A12: 3 | B12: =ORÇAMENTO!D21 -> PAVIMENTAÇÃO | C12: =IFERROR(X12/$X$31,0) -> 0.29169152 | D12: =IF(B12<>"",E12*X12," ") -> 0 | F12: =IF(B12<>"",G12*X12," ") -> 589277.46 | G12: 0.2 | H12: =IF(B12<>"",I12*X12," ") -> 589277.46 | I12: 0.2 | J12: =IF(B12<>"",K12*X12," ") -> 589277.46 | K12: 0.2 | L12: =IF(B12<>"",M12*X12," ") -> 589277.46 | M12: 0.2 | N12: =IF(B12<>"",O12*X12," ") -> 589277.46 | O12: 0.2 | P12: =IF(D12<>"",Q12*Z12," ") -> 0 | R12: =IF(F12<>"",S12*X12," ") -> 0 | T12: =IF(H12<>"",U12*X12," ") -> 0 | V12: =IF(J12<>"",W12*X12," ") -> 0 | X12: =(IF(B12<>"",Y12*(1+$Y$7)," ")) -> 2946387.3 | Y12: =ORÇAMENTO!I21 -> 2946387.3 | AB12: =E12+G12+I12+K12+M12+O12+Q12+S12+U12+W12 -> 1
A13: 4 | B13: =ORÇAMENTO!D31 -> FORNECIMENTO DE LIGANTES | C13: =IFERROR(X13/$X$31,0) -> 0.12067437 | D13: =IF(B13<>"",E13*X13," ") -> 0 | F13: =IF(B13<>"",G13*X13," ") -> 243787.28 | G13: 0.2 | H13: =IF(B13<>"",I13*X13," ") -> 243787.28 | I13: 0.2 | J13: =IF(B13<>"",K13*X13," ") -> 243787.28 | K13: 0.2 | L13: =IF(B13<>"",M13*X13," ") -> 243787.28 | M13: 0.2 | N13: =IF(B13<>"",O13*X13," ") -> 243787.28 | O13: 0.2 | P13: =IF(D13<>"",Q13*Z13," ") -> 0 | R13: =IF(F13<>"",S13*X13," ") -> 0 | T13: =IF(H13<>"",U13*X13," ") -> 0 | V13: =IF(J13<>"",W13*X13," ") -> 0 | X13: =(IF(B13<>"",Y13*(1+$Y$7)," ")) -> 1218936.4 | Y13: =ORÇAMENTO!I31 -> 1218936.4 | AB13: =E13+G13+I13+K13+M13+O13+Q13+S13+U13+W13 -> 1
A14: 5 | B14: =ORÇAMENTO!D35 -> DRENAGEM | C14: =IFERROR(X14/$X$31,0) -> 0.096440614 | D14: =IF(B14<>"",E14*X14," ") -> 292245.11 | E14: 0.3 | F14: =IF(B14<>"",G14*X14," ") -> 292245.11 | G14: 0.3 | H14: =IF(B14<>"",I14*X14," ") -> 389660.14 | I14: 0.4 | J14: =IF(B14<>"",K14*X14," ") -> 0 | L14: =IF(B14<>"",M14*X14," ") -> 0 | N14: =IF(B14<>"",O14*X14," ") -> 0 | P14: =IF(D14<>"",Q14*Z14," ") -> 0 | R14: =IF(F14<>"",S14*X14," ") -> 0 | T14: =IF(H14<>"",U14*X14," ") -> 0 | V14: =IF(J14<>"",W14*X14," ") -> 0 | X14: =(IF(B14<>"",Y14*(1+$Y$7)," ")) -> 974150.36 | Y14: =ORÇAMENTO!I35 -> 974150.36 | AB14: =E14+G14+I14+K14+M14+O14+Q14+S14+U14+W14 -> 1
A15: 6 | B15: =ORÇAMENTO!D43 -> BOCA DE BUEIRO PARA TUBOS CIRCULARES (1,00m e 0,60m) - Esc. 30° | C15: =IFERROR(X15/$X$31,0) -> 0.0006094413 | D15: =IF(B15<>"",E15*X15," ") -> 0 | F15: =IF(B15<>"",G15*X15," ") -> 0 | H15: =IF(B15<>"",I15*X15," ") -> 6155.99 | I15: 1 | J15: =IF(B15<>"",K15*X15," ") -> 0 | L15: =IF(B15<>"",M15*X15," ") -> 0 | N15: =IF(B15<>"",O15*X15," ") -> 0 | P15: =IF(D15<>"",Q15*Z15," ") -> 0 | R15: =IF(F15<>"",S15*X15," ") -> 0 | T15: =IF(H15<>"",U15*X15," ") -> 0 | V15: =IF(J15<>"",W15*X15," ") -> 0 | X15: =(IF(B15<>"",Y15*(1+$Y$7)," ")) -> 6155.99 | Y15: =ORÇAMENTO!I43 -> 6155.99 | AB15: =E15+G15+I15+K15+M15+O15+Q15+S15+U15+W15 -> 1
A16: 7 | B16: =ORÇAMENTO!D46 -> DISSIPADOR DE ENERGIA (1,00m e 0,60m) | C16: =IFERROR(X16/$X$31,0) -> 0.00065718391 | H16: =IF(B16<>"",I16*X16," ") -> 6638.24 | I16: 1 | X16: =(IF(B16<>"",Y16*(1+$Y$7)," ")) -> 6638.24 | Y16: =ORÇAMENTO!I46 -> 6638.24 | AB16: =E16+G16+I16+K16+M16+O16+Q16+S16+U16+W16 -> 1
A17: 8 | B17: =ORÇAMENTO!D52 -> BOCA DE LOBO SIMPLES | C17: =IFERROR(X17/$X$31,0) -> 0.054877258 | D17: =IF(B17<>"",E17*X17," ") -> 0 | F17: =IF(B17<>"",G17*X17," ") -> 0 | H17: =IF(B17<>"",I17*X17," ") -> 166295.19 | I17: 0.3 | J17: =IF(B17<>"",K17*X17," ") -> 166295.19 | K17: 0.3 | L17: =IF(B17<>"",M17*X17," ") -> 110863.46 | M17: 0.2 | N17: =IF(B17<>"",O17*X17," ") -> 110863.46 | O17: 0.2 | P17: =IF(D17<>"",Q17*Z17," ") -> 0 | R17: =IF(F17<>"",S17*X17," ") -> 0 | T17: =IF(H17<>"",U17*X17," ") -> 0 | V17: =IF(J17<>"",W17*X17," ") -> 0 | X17: =(IF(B17<>"",Y17*(1+$Y$7)," ")) -> 554317.3 | Y17: =ORÇAMENTO!I52 -> 554317.3 | AB17: =E17+G17+I17+K17+M17+O17+Q17+S17+U17+W17 -> 1
A18: 9 | B18: =ORÇAMENTO!D59 -> BOCA DE LOBO DUPLA | C18: =IFERROR(X18/$X$31,0) -> 0.018737068 | D18: =IF(B18<>"",E18*X18," ") -> 0 | F18: =IF(B18<>"",G18*X18," ") -> 0 | H18: =IF(B18<>"",I18*X18," ") -> 0 | J18: =IF(B18<>"",K18*X18," ") -> 37852.77 | K18: 0.2 | L18: =IF(B18<>"",M18*X18," ") -> 75705.54 | M18: 0.4 | N18: =IF(B18<>"",O18*X18," ") -> 75705.54 | O18: 0.4 | P18: =IF(D18<>"",Q18*Z18," ") -> 0 | R18: =IF(F18<>"",S18*X18," ") -> 0 | T18: =IF(H18<>"",U18*X18," ") -> 0 | V18: =IF(J18<>"",W18*X18," ") -> 0 | X18: =(IF(B18<>"",Y18*(1+$Y$7)," ")) -> 189263.85 | Y18: =ORÇAMENTO!I59 -> 189263.85 | AB18: =E18+G18+I18+K18+M18+O18+Q18+S18+U18+W18 -> 1
A19: 10 | B19: =ORÇAMENTO!D66 -> CAIXA DE LIGAÇÃO E PASSAGEM | C19: =IFERROR(X19/$X$31,0) -> 0.018539439 | D19: =IF(B19<>"",E19*X19," ") -> 56180.277 | E19: 0.3 | F19: =IF(B19<>"",G19*X19," ") -> 56180.277 | G19: 0.3 | H19: =IF(B19<>"",I19*X19," ") -> 74907.036 | I19: 0.4 | J19: =IF(B19<>"",K19*X19," ") -> 0 | L19: =IF(B19<>"",M19*X19," ") -> 0 | N19: =IF(B19<>"",O19*X19," ") -> 0 | P19: =IF(D19<>"",Q19*Z19," ") -> 0 | R19: =IF(F19<>"",S19*X19," ") -> 0 | T19: =IF(H19<>"",U19*X19," ") -> 0 | V19: =IF(J19<>"",W19*X19," ") -> 0 | X19: =(IF(B19<>"",Y19*(1+$Y$7)," ")) -> 187267.59 | Y19: =ORÇAMENTO!I66 -> 187267.59 | AB19: =E19+G19+I19+K19+M19+O19+Q19+S19+U19+W19 -> 1
A20: 11 | B20: =ORÇAMENTO!D73 -> POÇO DE VISITA | C20: =IFERROR(X20/$X$31,0) -> 0.0051519594 | D20: =IF(B20<>"",E20*X20," ") -> 15612.042 | E20: 0.3 | F20: =IF(B20<>"",G20*X20," ") -> 20816.056 | G20: 0.4 | H20: =IF(B20<>"",I20*X20," ") -> 15612.042 | I20: 0.3 | J20: =IF(B20<>"",K20*X20," ") -> 0 | L20: =IF(B20<>"",M20*X20," ") -> 0 | N20: =IF(B20<>"",O20*X20," ") -> 0 | P20: =IF(D20<>"",Q20*Z20," ") -> 0 | R20: =IF(F20<>"",S20*X20," ") -> 0 | T20: =IF(H20<>"",U20*X20," ") -> 0 | V20: =IF(J20<>"",W20*X20," ") -> 0 | X20: =(IF(B20<>"",Y20*(1+$Y$7)," ")) -> 52040.14 | Y20: =ORÇAMENTO!I73 -> 52040.14 | AB20: =E20+G20+I20+K20+M20+O20+Q20+S20+U20+W20 -> 1
A21: 12 | B21: =ORÇAMENTO!D80 -> BTCC 3x4m | C21: =IFERROR(X21/$X$31,0) -> 0.18094118 | D21: =IF(B21<>"",E21*X21," ") -> 456923.45 | E21: 0.25 | F21: =IF(B21<>"",G21*X21," ") -> 456923.45 | G21: 0.25 | H21: =IF(B21<>"",I21*X21," ") -> 456923.45 | I21: 0.25 | J21: =IF(B21<>"",K21*X21," ") -> 456923.45 | K21: 0.25 | L21: =IF(B21<>"",M21*X21," ") -> 0 | N21: =IF(B21<>"",O21*X21," ") -> 0 | P21: =IF(D21<>"",Q21*Z21," ") -> 0 | R21: =IF(F21<>"",S21*X21," ") -> 0 | T21: =IF(H21<>"",U21*X21," ") -> 0 | V21: =IF(J21<>"",W21*X21," ") -> 0 | X21: =(IF(B21<>"",Y21*(1+$Y$7)," ")) -> 1827693.8 | Y21: =ORÇAMENTO!I80 -> 1827693.8 | AB21: =E21+G21+I21+K21+M21+O21+Q21+S21+U21+W21 -> 1
A22: 13 | B22: =ORÇAMENTO!D87 -> Boca de BTCC 3x4m - Quantidade para 02 Bocas | C22: =IFERROR(X22/$X$31,0) -> 0.016271469 | D22: =IF(B22<>"",E22*X22," ") -> 0 | F22: =IF(B22<>"",G22*X22," ") -> 0 | H22: =IF(B22<>"",I22*X22," ") -> 49307.619 | I22: 0.3 | J22: =IF(B22<>"",K22*X22," ") -> 115051.11 | K22: 0.7 | L22: =IF(B22<>"",M22*X22," ") -> 0 | N22: =IF(B22<>"",O22*X22," ") -> 0 | P22: =IF(D22<>"",Q22*Z22," ") -> 0 | R22: =IF(F22<>"",S22*X22," ") -> 0 | T22: =IF(H22<>"",U22*X22," ") -> 0 | V22: =IF(J22<>"",W22*X22," ") -> 0 | X22: =(IF(B22<>"",Y22*(1+$Y$7)," ")) -> 164358.73 | Y22: =ORÇAMENTO!I87 -> 164358.73 | AB22: =E22+G22+I22+K22+M22+O22+Q22+S22+U22+W22 -> 1
A23: 14 | B23: =ORÇAMENTO!D93 -> URBANIZAÇÃO | C23: =IFERROR(X23/$X$31,0) -> 0.059689475 | D23: =IF(B23<>"",E23*X23," ") -> 0 | F23: =IF(B23<>"",G23*X23," ") -> 0 | H23: =IF(B23<>"",I23*X23," ") -> 0 | J23: =IF(B23<>"",K23*X23," ") -> 0 | L23: =IF(B23<>"",M23*X23," ") -> 0 | N23: =IF(B23<>"",O23*X23," ") -> 120585.14 | O23: 0.2 | P23: =IF(D23<>"",Q23*Y23," ") -> 120585.14 | Q23: 0.2 | R23: =IF(F23<>"",S23*X23," ") -> 120585.14 | S23: 0.2 | T23: =IF(H23<>"",U23*X23," ") -> 120585.14 | U23: 0.2 | V23: =IF(J23<>"",W23*X23," ") -> 120585.14 | W23: 0.2 | X23: =(IF(B23<>"",Y23*(1+$Y$7)," ")) -> 602925.69 | Y23: =ORÇAMENTO!I93 -> 602925.69 | AB23: =E23+G23+I23+K23+M23+O23+Q23+S23+U23+W23 -> 1
A24: 15 | B24: =ORÇAMENTO!D100 -> SINALIZAÇÃO | C24: =IFERROR(X24/$X$31,0) -> 0.004934355 | D24: =IF(B24<>"",E24*X24," ") -> 0 | F24: =IF(B24<>"",G24*X24," ") -> 0 | H24: =IF(B24<>"",I24*X24," ") -> 0 | J24: =IF(B24<>"",K24*X24," ") -> 0 | L24: =IF(B24<>"",M24*X24," ") -> 0 | N24: =IF(B24<>"",O24*X24," ") -> 0 | P24: =IF(D24<>"",Q24*Z24," ") -> 0 | R24: =IF(F24<>"",S24*X24," ") -> 0 | T24: =IF(H24<>"",U24*X24," ") -> 24921.055 | U24: 0.5 | V24: =IF(J24<>"",W24*X24," ") -> 24921.055 | W24: 0.5 | X24: =(IF(B24<>"",Y24*(1+$Y$7)," ")) -> 49842.11 | Y24: =ORÇAMENTO!I100 -> 49842.11 | AB24: =E24+G24+I24+K24+M24+O24+Q24+S24+U24+W24 -> 1
AB25: =E25+G25+I25+K25+M25+O25+Q25+S25+U25+W25 -> 0
A26: 16 | B26: =[206]RESUMO!C29 | C26: =IFERROR(X26/$X$31,0) -> 0 | D26: =IF(B26<>"",E26*X26," ") | F26: =IF(B26<>"",G26*X26," ") | H26: =IF(B26<>"",I26*X26," ") | J26: =IF(B26<>"",K26*X26," ") | L26: =IF(B26<>"",M26*X26," ") | N26: =IF(B26<>"",O26*X26," ") | X26: =(IF(B26<>"",Y26*(1+$Y$7)," ")) | Y26: =[206]RESUMO!H29 | AB26: =E26+G26+I26+K26+M26+O26+Q26+S26+U26+W26 -> 0
A27: 17 | B27: =[206]RESUMO!C30 | C27: =IFERROR(X27/$X$31,0) -> 0 | D27: =IF(B27<>"",E27*X27," ") | F27: =IF(B27<>"",G27*X27," ") | H27: =IF(B27<>"",I27*X27," ") | J27: =IF(B27<>"",K27*X27," ") | L27: =IF(B27<>"",M27*X27," ") | N27: =IF(B27<>"",O27*X27," ") | X27: =(IF(B27<>"",Y27*(1+$Y$7)," ")) | Y27: =[206]RESUMO!H30 | AB27: =E27+G27+I27+K27+M27+O27+Q27+S27+U27+W27 -> 0
A28: 18 | B28: =[206]RESUMO!C31 | C28: =IFERROR(X28/$X$31,0) -> 0 | D28: =IF(B28<>"",E28*X28," ") | F28: =IF(B28<>"",G28*X28," ") | H28: =IF(B28<>"",I28*X28," ") | J28: =IF(B28<>"",K28*X28," ") | L28: =IF(B28<>"",M28*X28," ") | N28: =IF(B28<>"",O28*X28," ") | X28: =(IF(B28<>"",Y28*(1+$Y$7)," ")) | Y28: =[206]RESUMO!H31 | AB28: =E28+G28+I28+K28+M28+O28+Q28+S28+U28+W28 -> 0
A29: 19 | B29: =[206]RESUMO!C32 | C29: =IFERROR(X29/$X$31,0) -> 0 | D29: =IF(B29<>"",E29*X29," ") | F29: =IF(B29<>"",G29*X29," ") | H29: =IF(B29<>"",I29*X29," ") | J29: =IF(B29<>"",K29*X29," ") | L29: =IF(B29<>"",M29*X29," ") | N29: =IF(B29<>"",O29*X29," ") | X29: =(IF(B29<>"",Y29*(1+$Y$7)," ")) | Y29: =[206]RESUMO!H32 | AB29: =E29+G29+I29+K29+M29+O29+Q29+S29+U29+W29 -> 0
A30: 20 | B30: =[206]RESUMO!C33 | C30: =IFERROR(X30/$X$31,0) -> 0 | D30: =IF(B30<>"",E30*X30," ") | F30: =IF(B30<>"",G30*X30," ") | H30: =IF(B30<>"",I30*X30," ") | J30: =IF(B30<>"",K30*X30," ") | L30: =IF(B30<>"",M30*X30," ") | N30: =IF(B30<>"",O30*X30," ") | X30: =(IF(B30<>"",Y30*(1+$Y$7)," ")) | Y30: =[206]RESUMO!H33 | AB30: =E30+G30+I30+K30+M30+O30+Q30+S30+U30+W30 -> 0
A31: VALOR DA PARCELA DETERMINADA COM BASE NO PREÇO MÁXIMO | C31: =SUMIF(C10:C30,">0",C10:C30) -> 1 | D31: =SUMIF(D10:D30,">0",D10:D30) -> 1177852 | E31: =IF($X$31=0,0,D31/$X$31) -> 0.11660702 | F31: =SUMIF(F10:F30,">0",F10:F30) -> 1738084 | G31: =IF($X$31=0,0,F31/$X$31) -> 0.17206983 | H31: =SUMIF(H10:H30,">0",H10:H30) -> 2077418.8 | I31: =IF($X$31=0,0,H31/$X$31) -> 0.20566388 | J31: =SUMIF(J10:J30,">0",J10:J30) -> 2058757.3 | K31: =IF($X$31=0,0,J31/$X$31) -> 0.2038164 | L31: =SUMIF(L10:L30,">0",L10:L30) -> 1098488.1 | M31: =IF($X$31=0,0,L31/$X$31) -> 0.10875001 | N31: =SUMIF(N10:N30,">0",N10:N30) -> 1140218.9 | O31: =IF($X$31=0,0,N31/$X$31) -> 0.11288135 | P31: =SUMIF(P10:P30,">0",P10:P30) -> 120585.14 | Q31: =IF($X$31=0,0,P31/$X$31) -> 0.011937895 | R31: =SUMIF(R10:R30,">0",R10:R30) -> 120585.14 | S31: =IF($X$31=0,0,R31/$X$31) -> 0.011937895 | T31: =SUMIF(T10:T30,">0",T10:T30) -> 145506.19 | U31: =IF($X$31=0,0,T31/$X$31) -> 0.014405073 | V31: =SUMIF(V10:V30,">0",V10:V30) -> 423542.98 | W31: =IF($X$31=0,0,V31/$X$31) -> 0.041930637 | X31: =SUMIF(X10:X30,">0",X10:X30) -> 10101039 | Y31: =SUMIF(Y10:Y30,">0",Y10:Y30) -> 10101039 | AB31: =E31+G31+I31+K31+M31+O31+Q31+S31+U31+W31 -> 1
A32: VALOR PROPOSTO | C32: 8459135.8 | D32: =IF($C$32<>"",(1-$C$33)*D$31," ") -> 986394.63 | E32: =E31 -> 0.11660702 | F32: =IF($C$32<>"",(1-$C$33)*F$31," ") -> 1455562.1 | G32: =G31 -> 0.17206983 | H32: =IF($C$32<>"",(1-$C$33)*H$31," ") -> 1739738.7 | I32: =I31 -> 0.20566388 | J32: =IF($C$32<>"",(1-$C$33)*J$31," ") -> 1724110.6 | K32: =K31 -> 0.2038164 | L32: =IF($C$32<>"",(1-$C$33)*L$31," ") -> 919931.14 | M32: =M31 -> 0.10875001 | N32: =IF($C$32<>"",(1-$C$33)*N$31," ") -> 954878.69 | O32: =O31 -> 0.11288135 | P32: =IF($C$32<>"",(1-$C$33)*P$31," ") -> 100984.28 | Q32: =Q31 -> 0.011937895 | R32: =IF($C$32<>"",(1-$C$33)*R$31," ") -> 100984.28 | S32: =S31 -> 0.011937895 | T32: =IF($C$32<>"",(1-$C$33)*T$31," ") -> 121854.47 | U32: =U31 -> 0.014405073 | V32: =IF($C$32<>"",(1-$C$33)*V$31," ") -> 354696.96 | W32: =W31 -> 0.041930637 | X32: =IF(C32<>"",D32+F32+H32+J32+L32+N32+P32+R32+T32+V32," ") -> 8459135.8
A33: DESCONTO PROPOSTO / VALOR DAS PARCELAS | C33: =IF(C32<>"",(1-(C32/X31))," ") -> 0.16254791
A34: TOTAL ACUMULADO COM O DESCONTO PROPOSTO | D34: =IF(C32<>"",D32+C34,B34+D31) -> 986394.63 | E34: =E32 -> 0.11660702 | F34: =IF(C32<>"",F32+D34,D34+F31) -> 2441956.7 | G34: =G32+E34 -> 0.28867685 | H34: =IF(C32<>"",F34+H32,F34+H31) -> 4181695.4 | I34: =I32+G34 -> 0.49434073 | J34: =IF(C32<>"",H34+J32,H34+J31) -> 5905806 | K34: =K32+I34 -> 0.69815713 | L34: =IF(C32<>"",J34+L32,J34+L31) -> 6825737.2 | M34: =M32+K34 -> 0.80690715 | N34: =IF(E32<>"",L34+N32,L34+N31) -> 7780615.9 | O34: =O32+M34 -> 0.9197885 | P34: =IF(G32<>"",N34+P32,N34+P31) -> 7881600.1 | Q34: =Q32+O34 -> 0.93172639 | R34: =IF(I32<>"",P34+R32,P34+R31) -> 7982584.4 | S34: =S32+Q34 -> 0.94366429 | T34: =IF(K32<>"",R34+T32,R34+T31) -> 8104438.9 | U34: =U32+S34 -> 0.95806936 | V34: =IF(M32<>"",T34+V32,T34+V31) -> 8459135.8 | W34: =W32+U34 -> 1
F39: ________________________________________
F40: José Augusto Davanço
F41: CREA PR-166826/D
B45: OBS: CASO O PRAZO ESTABELECIDO PELO EDITAL PARA A EXECUÇÃO DA OBRA SEJA DIFERENTE DE 180 DIAS (MODELO ACIMA) FAVOR MODIFICAR A QUANTIDADE DAS COLUNAS MENSAIS CONFORME PRAZO ESTABELECIDO EM EDITAL E AJUSTAR FÓRMULAS

Sheet DMT
B1: DISTÂNCIAS MÉDIAS DE TRANSPORTES
A2: Serviço: | B2: RECAPEAMENTO E PAVIMENTAÇÃO ASFALTICA EM CBUQ | E2: Área (m²): | G2: 29897.04
A3: Trecho: | B3: RUA 27 DE DEZEMBRO - CAMPO MOURÃO | E3: Extensão (m): | G3: 1845.727 | I3: =293*20 -> 5860
A4: Data: | B4: 46098
B5: Distâncias Médias de Transportes(DMT)
D6: Comercial | F6: Local
B7: Materiais | C7: Origem | D7: Pav. | E7: N/pav. | F7: Pav. | G7: N/pav.
B8: Abrigo parada ônibus | C8: (1) Verficar legenda ao final do quadro
B9: Areia | C9: Areal - Icaraíma, Porto Camargo | D9: 201 | F9: 30
B10: Argila | C10: Jazida - Nome da cidade - Nome do Estabelecimento
B11: Bloco de concreto p/pavimento | C11: Nome da cidade - Nome do Estabelecimento
B12: Bloco estrutural | C12: Peabiru - Artefatos de concreto Itaipu | F12: 22.4
B13: Brita | C13: Pedreira Itaipu - Campo Mourão | F13: 15.7
B14: Cal hidratada/virgem | C14: (2) - Depósito Marinho | F14: 6 | K14: =71*20 -> 1420
B15: Cal CH-1 p/microrev. | C15: Rio Branco do Sul | D15: 440 | F15: 30 | K15: 2.243
B16: CAP-30/45 ou CAP-50/70 | C16: Araucária - Repar | D16: 452 | E16: ----------- | F16: ----------- | G16: -----------
B17: Cimento | C17: (5) - ITAMBÉ CAMPO LARGO | D17: 372
B18: CM-30 | C18: Araucária - Repar | D18: 452 | E18: ----------- | F18: ----------- | G18: -----------
B19: Emulsão | C19: (6) CASA DO ASFALTO - MARIALVA | D19: 109 | E19: ----------- | F19: ----------- | G19: -----------
B20: Emulsão c/ polímero | C20: Curitiba (CT) | D20: 494 | E20: ----------- | F20: ----------- | G20: -----------
B21: Gabião galvanizado | C21: Nome da cidade - Nome do Estabelecimento
B22: Lajota concreto | C22: Peabiru - Artefatos de concreto Itaipu | F22: 15.7
B23: Brita Graduada | C23: Pedreira Itaipu - Campo Mourão | F23: 15.7
B24: Massa a quente | C24: Pedreira Itaipu - Campo Mourão | F24: 15.7
B25: Massa a frio | C25: Usina de asfalto - Nome da cidade - Nome do Estabelecimento | D25: 28.1 | F25: 30
B26: Massa solo-brita | C26: Usina de solos - Nome da cidade - Nome do Estabelecimento | D26: 28.1 | F26: 30
B27: Massa solo-cimento | C27: Usina de solos - Nome da cidade - Nome do Estabelecimento | D27: 28.1 | F27: 30
B28: Material de fresagem | C28: Pista p/Bota-fora - Nome da cidade - Nome do Estabelecimento | F28: 30
B29: Material de pav.demolido | C29: Pista p/Bota-fora - Local a definir | F29: 6
B30: Paralelepípedo | C30: Jazida/Pedreira - Nome da cidade - Nome do Estabelecimento | D30: 28.1 | F30: 30
B31: Pedra Britada - O.A.E. | C31: Pedreira - Nome da cidade - Nome do Estabelecimento | D31: 28.1 | F31: 30
B32: Pedra mão | C32: Pedreira - campo mourão - pedreira itaipu | D32: 0 | F32: 15.7
B33: Pó de pedra | C33: Jazida/Pedreira - Nome da cidade - Nome do Estabelecimento | D33: 28.1 | F33: 30
B34: Poliedro/cordão de pedra | C34: Jazida/Pedreira - Nome da cidade - Nome do Estabelecimento | D34: 28.1 | F34: 30
B35: Preench.rebaixo | C35: Corte em rocha/Jazida - Nome da cidade - Nome do Estabelecimento | D35: 28.1 | F35: 30
B36: Rachão | C36: Pedreira Itaipu - Campo Mourão | F36: 15.7
B37: Solo jazida | C37: Jazida - Nome da cidade - Nome do Estabelecimento
B38: Solos moles | C38: Pista p/Bota-fora - Nome da cidade - Nome do Estabelecimento
B39: Revestimento Primário | C39: Pista p/Bota-fora - Campo Mourão - Koch Aterro Sanitário | F39: 5.6
B40: Tampão de Ferro Fundido | C40: Nome da cidade - Nome do Estabelecimento
B41: Tijolo | C41: Nome da cidade - Nome do Estabelecimento
B42: Tijolo maciço | C42: Nome da cidade - Nome do Estabelecimento
B43: Trilhos/chapas | C43: Nome da cidade - Nome do Estabelecimento
B44: Tubo concreto | C44: Peabiru - Artefatos de concreto Itaipu | F44: 22.4
B45: Tubo metálico/Pórticos | C45: Nome da cidade - Nome do Estabelecimento
B46: Areia | C46: Areal - Icaraíma, Porto Camargo | D46: 171 | F46: 30
B47: Brita - massa a quente | C47: Pedreira - campo mourão - pedreira itaipu | F47: 1
B48: Brita - BGS (Usina solos)
B49: Brita - solo-brita (Usina solos) | C49: Pedreira - campo mourão - pedreira itaipu | F49: 1
B50: Cimento Portland | C50: Campo Largo - Itambé ou Rio Branco do Sul - Votorantim | D50: 470 | F50: 30
B51: CAP/CAP-Borracha/Polímero | C51: Araucária - Repar | D51: 452 | E51: ----------- | F51: ----------- | G51: -----------
B52: Cal hidratada CH-1 | C52: Rio Branco do Sul | D52: 531
B53: Emulsão RM-1C/2C | C53: Apucarana(AP), Ponta Grossa (PG), Campo Largo, Curitiba (CT) | D53: 156 | E53: ----------- | F53: ----------- | G53: -----------
B54: Emulsão c/polímero | C54: Curitiba (CT) | D54: 452 | E54: ----------- | F54: ----------- | G54: -----------
B55: Solo jazida | C55: Pedreira - campo mourão - pedreira itaipu | D55: 1
C61: ________________________________________
C62: José Augusto Davanço
C63: CREA PR-166826/D
A67: Favor não imprimir as considerações abaixo.
A69: Local | B69: Origem
A70: (1) | B70: Fábrica de tubos/pré-moldados-Arcimol(Céu Azul-PR),Protemix/Protenge(Londrina-PR),Marco(Campo Largo-PR)
B71: Tubo Forte(Pato Branco), Tubo Ponta(Ponta Grossa)
A72: (2) | B72: Comércio local ou próximo
A73: (3) | B73: Curitiba
A74: (4) | B74: Repar-Araucária
A75: (5) | B75: Itambé(Campo Largo) ou Rio Branco do Sul
A76: (6) | B76: Apucarana(AP), Ponta Grossa (PG), Campo Largo, Curitiba (CT)
A79: Como identificar quais distâncias precisam ser preenchidas?
A80: O transporte precisa ser acrescentado ao preço unitário dos serviços em que consta “A acrescer” na coluna transporte do Referencial de Custos dos Serviços do DER/PR. As fórmulas de cálculo do transporte estão apresentados no item H da composição de cada serviço citado anteriormente. No item H a primeira fórmula refere-se a distância local (primeiros 30km da DMT) e a segunda linha, a distância comercial (DC = distância total – distância local), x1 é DMT em Km pavimentada e x2 DMT em Km não pavimentada. Quando constar serviços no item G da composição de um serviço, precisa ser realizada a composição do respectivo, como é o caso dos serviços 570000 e 531000 que englobam os 570100 e 531200, respectivamente.
A81: Qual o ponto de origem e destino das distâncias?
A82: As distâncias são tomadas sempre sentido destino para a origem. Trecho e usina são destinos, origem é o fornecedor.
A84: Esquemas para cálculo de DMT:
A85: A seguir exemplos de situações jazidas, e os itinerários seguidos pelos veículos de transporte de materiais para determinação do cálculo da DMT, de extrema importância para o cálculo de orçamentos. CP= comercial pavimentado e CNP = comercial não pavimentado LP= local pavimentado e LNP = local não pavimentado
A161: Consultar a Metodologia para Elaboração de Orçamento - DER-CT-CCO disponível no site da seil (https://www.infraestrutura.pr.gov.br/Pagina/DFIL). O documento apresenta explicação detalhada.

Sheet Composições Auxiliares2
C1: DERPR - Departamento de Estradas de Rodagem do Paraná
C2: Diretoria Técnica - Coordenadoria de Custo e Orçamento
C3: Relatório de Composição do Serviço
A5: Data Base: 31/08/2025 (Com desoneração) | R5: Valores expressos em Reais (R$)
A7: Serviço: COMP-4 Meio-fio em concreto (executado com extrusora) | R7: Unidade: m
A9: (A)Equipamento | D9: Código | E9: Quantidade | I9: Ut. Pr | L9: Ut. Impr | P9: Vl. Hr. Prod | U9: Vl. Hr. Imp | Z9: Custo Horário
A10: Extrusora para meio fio de concreto | D10: 390100 | E10: 1 | I10: 1 | L10: 0 | P10: 43.86 | U10: 31.8 | Z10: =TRUNC(E10*((I10*P10)+(L10*U10)),2) -> 43.86
A13: (A)Total: | V13: =Z10+Z11+Z12 -> 43.86
A15: (B)Mão-de-Obra | D15: Código | E15: Eq. Salarial | J15: Encargos(%) | N15: Sal/Hora | S15: Consumo | Y15: Custo Horário
A16: Servente | D16: 200130 | E16: 1.48 | J16: 148.92 | N16: 25.41 | S16: 2 | Y16: =TRUNC(N16*S16,2) -> 50.82
A17: Técnico de Campo I | D17: 210060 | E17: 2.62 | J17: 148.92 | N17: 44.99 | S17: 1 | Y17: =TRUNC(N17*S17,2) -> 44.99
A18: (B)Total: | V18: =Y16+Y17 -> 95.81
A20: (C)Itens de Incidência | D20: Código | E20: % | H20: M. O. | K20: Equip. | O20: Mat. | S20: Custo
A21: Ferramentas Manuais | D21: 29990 | E21: 5 | H21: X | S21: =TRUNC(V18*5%,2) -> 4.79
A22: (C)Total: | V22: =S21 -> 4.79
A24: Custo Horário da Execução (A) + (B) + (C) | R24: =V13+V18+V22 -> 144.46
A25: (D) Produção da Equipe | R25: 50
A26: (E) Custo Unitário da Execução [(A) + (B) + (C)] / (D) | R26: =TRUNC(R24/R25,2) -> 2.88
A28: (F)Materiais | D28: Código | E28: Unid. | H28: Custo Unitário | O28: Consumo | U28: Custo Unitário
A30: (F)Total: | V30: =U29 -> 0
A32: (G)Serviços | D32: Código | E32: Unid. | H32: Custo Unitário | O32: Consumo | U32: Custo Unitário
A33: Concreto Fck = 20 Mpa, preparo em betoneira e lanç | D33: 605500 | E33: m3 | H33: 525.56 | O33: 0.05 | U33: =H33*O33 -> 26.278
A34: Escavação manual de vala 1a. Cat | D34: 600000 | E34: m3 | H34: 40.01 | O34: 0.03 | U34: =H34*O34 -> 1.2003
A35: Lastro de brita | D35: 603900 | E35: m3 | H35: 133.49 | O35: 0.025 | U35: =H35*O35 -> 3.33725
A36: (G)Total: | V36: =SUM(U33:AA35) -> 30.81555

Sheet DER
A1: Código | B1: Descrição do Serviço | C1: Unidade | D1: Custo Execução | E1: Custo Material | F1: Custo Sub-Serviço | G1: Custo Unitário | H1: Transporte
A2: 400500 | B2: Colchão drenante de areia para fundação de aterros | C2: m3 | D2: 1.08 | E2: 90.97 | F2: 0 | G2: 92.05 | H2: A acrescer
A3: 400950 | B3: Compactação de aterros 95% PN (A) | C3: m3 | D3: 5.14 | E3: 0 | F3: 0 | G3: 5.14
A4: 401950 | B4: Compactação de aterros 95% PN (B) | C4: m3 | D4: 5.16 | E4: 0 | F4: 0 | G4: 5.16
A5: 401200 | B5: Compactação de aterros c/controle visual | C5: m3 | D5: 1.5 | E5: 0 | F5: 0 | G5: 1.5
A6: 402000 | B6: Compactação de aterros em 2a. cat. | C6: m3 | D6: 6.77 | E6: 0 | F6: 0 | G6: 6.77
A7: 403000 | B7: Compactação de aterros em 3a. cat. | C7: m3 | D7: 6.53 | E7: 0 | F7: 0 | G7: 6.53
A8: 401000 | B8: Compactação de aterros 100% PN (A) | C8: m3 | D8: 6.26 | E8: 0 | F8: 0 | G8: 6.26
A9: 401100 | B9: Compactação de aterros 100% PN (B) | C9: m3 | D9: 6.19 | E9: 0 | F9: 0 | G9: 6.19
A10: 401025 | B10: Corte/limpeza, classificação e enleiramento de árvores (volume estéreo), inclusive transporte | C10: m3 | D10: 153.9 | E10: 0 | F10: 0 | G10: 153.9 | H10: A acrescer
A11: 400000 | B11: Desmatamento e limpeza diam. até 30cm | C11: m2 | D11: 1.11 | E11: 0 | F11: 0 | G11: 1.11
A12: 400300 | B12: Destocamento árvores diam. > 30cm | C12: ud | D12: 47.44 | E12: 0 | F12: 0 | G12: 47.44
A13: 410200 | B13: Esc. carga e transp. 1a. cat. 0-200m | C13: m3 | D13: 8.02 | E13: 0 | F13: 0 | G13: 8.02
A14: 410400 | B14: Esc. carga e transp. 1a. cat. 200-400m | C14: m3 | D14: 8.29 | E14: 0 | F14: 0 | G14: 8.29
A15: 410600 | B15: Esc. carga e transp. 1a. cat. 400-600m | C15: m3 | D15: 8.64 | E15: 0 | F15: 0 | G15: 8.64
A16: 410800 | B16: Esc. carga e transp. 1a. cat. 600-800m | C16: m3 | D16: 9 | E16: 0 | F16: 0 | G16: 9
A17: 411000 | B17: Esc. carga e transp. 1a. cat. 800-1000m | C17: m3 | D17: 9.4 | E17: 0 | F17: 0 | G17: 9.4
A18: 411200 | B18: Esc. carga e transp. 1a. cat. 1000-1200m | C18: m3 | D18: 9.75 | E18: 0 | F18: 0 | G18: 9.75
A19: 411400 | B19: Esc. carga e transp. 1a. cat. 1200-1400m | C19: m3 | D19: 10.86 | E19: 0 | F19: 0 | G19: 10.86
A20: 411600 | B20: Esc. carga e transp. 1a. cat. 1400-1600m | C20: m3 | D20: 11.26 | E20: 0 | F20: 0 | G20: 11.26
A21: 412000 | B21: Esc. carga e transp. 1a. cat. 1600-2000m | C21: m3 | D21: 11.93 | E21: 0 | F21: 0 | G21: 11.93
A22: 413000 | B22: Esc. carga e transp. 1a. cat. 2000-3000m | C22: m3 | D22: 13.92 | E22: 0 | F22: 0 | G22: 13.92
... A60: 401160 | B60: Regularização, conformação e compactação de leito | C60: m2 | D60: 0.25 | E60: 0 | F60: 0 | G60: 0.25
A61: 404000 | B61: Remoção de solos moles | C61: m3 | D61: 7.74 | E61: 0 | F61: 0 | G61: 7.74 | H61: A acrescer
A62: 450000 | B62: Revestimento primário | C62: m3 | D62: 6.51 | E62: 0 | F62: 5.35 | G62: 11.86 | H62: A acrescer
A63: 416000 | B63: Valetões laterais (fundo) 1a. cat. 200 - 600m (A) | C63: m3 | D63: 9.05 | E63: 0 | F63: 0 | G63: 9.05
A64: 416100 | B64: Valetões laterais (fundo) 1a. cat. 200 - 600m (B) | C64: m3 | D64: 10.49 | E64: 0 | F64: 0 | G64: 10.49
A65: 416200 | B65: Valetões laterais (fundo) 1a. cat. 600 -1000m (A) | C65: m3 | D65: 10.03 | E65: 0 | F65: 0 | G65: 10.03
A66: 416300 | B66: Valetões laterais (fundo) 1a. cat. 600 -1000m (B) | C66: m3 | D66: 11.45 | E66: 0 | F66: 0 | G66: 11.45
A67: 426000 | B67: Valetões laterais (fundo) 2a. cat. 200 - 600m (A) | C67: m3 | D67: 12.16 | E67: 0 | F67: 0 | G67: 12.16
A68: 426100 | B68: Valetões laterais (fundo) 2a. cat. 200 - 600m (B) | C68: m3 | D68: 14.05 | E68: 0 | F68: 0 | G68: 14.05
A69: 426200 | B69: Valetões laterais (fundo) 2a. cat. 600 -1000m (A) | C69: m3 | D69: 13.21 | E69: 0 | F69: 0 | G69: 13.21
A70: 426300 | B70: Valetões laterais (fundo) 2a. cat. 600 -1000m (B) | C70: m3 | D70: 15.22 | E70: 0 | F70: 0 | G70: 15.22
A71: Grupo de serviço: PAVIMENTAÇÃO
A72: 530200 | B72: Bica corrida | C72: m3 | D72: 11.2 | E72: 104.16 | F72: 0 | G72: 115.36 | H72: A acrescer
A73: 570210 | B73: Binder exclusive fornecimento e transporte do CAP (acima de 10.000 t) | C73: t | D73: 68.37 | E73: 93.7 | F73: 0 | G73: 162.07 | H73: A acrescer
A74: 570200 | B74: Binder exclusive fornecimento e transporte do CAP (até 10.000 t) | C74: t | D74: 84.01 | E74: 96.38 | F74: 0 | G74: 180.39 | H74: A acrescer
A75: 531200 | B75: Brita graduada - na usina | C75: m3 | D75: 8.24 | E75: 80.13 | F75: 0 | G75: 88.37 | H75: A acrescer
A76: 531215 | B76: Brita graduada c/ cimento - na usina | C76: m3 | D76: 7.23 | E76: 116.56 | F76: 0 | G76: 123.79 | H76: A acrescer
A77: 531120 | B77: Brita graduada tratada c/cimento (Cp=4%) 100% PI | C77: m3 | D77: 12.87 | E77: 0 | F77: 198.06 | G77: 210.93 | H77: A acrescer
A78: 531130 | B78: Brita graduada tratada c/cimento (Cp=4%) 100% PM | C78: m3 | D78: 13.8 | E78: 0 | F78: 206.23 | G78: 220.03 | H78: A acrescer
A79: 531000 | B79: Brita graduada 100% PI | C79: m3 | D79: 12.53 | E79: 0 | F79: 141.39 | G79: 153.92 | H79: A acrescer
A80: 531100 | B80: Brita graduada 100% PM | C80: m3 | D80: 13.44 | E80: 0 | F80: 147.22 | G80: 160.66 | H80: A acrescer
A81: 532100 | B81: Camada de bloqueio c/ pedra o < 3/4" | C81: m3 | D81: 6.42 | E81: 104.16 | F81: 0 | G81: 110.58 | H81: A acrescer
A82: 563100 | B82: Capa selante exclusive fornecimento e transporte da emulsão | C82: m2 | D82: 0.88 | E82: 0.37 | F82: 0 | G82: 1.25 | H82: A acrescer
A83: 535150 | B83: Carga de cordão pedra p/ pav. poliédrico | C83: m | D83: 0.84 | E83: 0 | F83: 0 | G83: 0.84
A84: 535100 | B84: Carga de pedra p/ pav. poliédrico | C84: m2 | D84: 1.69 | E84: 0 | F84: 0 | G84: 1.69
A85: 570100 | B85: C.B.U.Q. - na usina excl. fornec. e transporte do CAP (até 10.000 t) | C85: t | D85: 51.69 | E85: 101 | F85: 0 | G85: 152.69 | H85: A acrescer
A86: 570160 | B86: C.B.U.Q. - na usina exclusive fornecimento e transporte do CAP (acima de 10.000 t) | C86: t | D86: 41.78 | E86: 95.63 | F86: 0 | G86: 137.41 | H86: A acrescer
A87: 570350 | B87: C.B.U.Q. c/asf.modificado por borracha exclusive fornecimento e transporte asfalto | C87: t | D87: 73.74 | E87: 114.27 | F87: 0 | G87: 188.01 | H87: A acrescer
A88: 570360 | B88: C.B.U.Q. c/asf.modificado por polímero exclusive fornecimento e transporte do asfalto | C88: t | D88: 69.19 | E88: 108.95 | F88: 0 | G88: 178.14 | H88: A acrescer
A89: 570000 | B89: C.B.U.Q. exclusive fornec. e transporte do CAP (até 10.000 t) | C89: t | D89: 32.74 | E89: 0 | F89: 152.69 | G89: 185.43 | H89: A acrescer
A90: 570400 | B90: C.B.U.Q. exclusive fornecimento e transporte do CAP (acima de 10.000 t) | C90: t | D90: 31.2 | E90: 0 | F90: 137.41 | G90: 168.61 | H90: A acrescer
A91: 532500 | B91: Colchão de areia para paralelepípedo | C91: m3 | D91: 14.23 | E91: 90.97 | F91: 0 | G91: 105.2 | H91: A acrescer
A92: 532600 | B92: Colchão de argila p/ pav. poliédrico | C92: m2 | D92: 1.17 | E92: 0 | F92: 0.54 | G92: 1.71 | H92: A acrescer
A93: 532700 | B93: Compactação de pavimento poliédrico | C93: m2 | D93: 0.62 | E93: 0 | F93: 0 | G93: 0.62
A94: 575100 | B94: Contenção lateral c/ solo local p/ pav. poliédrico | C94: m2 | D94: 1.45 | E94: 0 | F94: 0 | G94: 1.45
A95: 575000 | B95: Contenção lateral com solo local | C95: m3 | D95: 29.23 | E95: 0 | F95: 4.74 | G95: 33.97
A96: 521500 | B96: Corte e preparo cordão pedra p/ pav. poliédrico | C96: m | D96: 3.15 | E96: 0 | F96: 0 | G96: 3.15
A97: 521400 | B97: Corte e preparo de pedra p/ pav. poliédrico | C97: m2 | D97: 10.51 | E97: 0 | F97: 0 | G97: 10.51
A98: 510300 | B98: Decapagem pedreira e limpeza periódica p/ pav. poliédrico | C98: m2 | D98: 2.57 | E98: 0 | F98: 0.23 | G98: 2.8
A99: 521550 | B99: Desmonte manual de pedra p/ pav. poliédrico | C99: m2 | D99: 1.13 | E99: 0 | F99: 0 | G99: 1.13
A100: 532650 | B100: Enchimento c/ argila p/ pav. poliédrico | C100: m2 | D100: 0.7 | E100: 0 | F100: 0.1 | G100: 0.8 | H100: A acrescer
A101: 501000 | B101: Escarificação e remoção revestimento primário | C101: m3 | D101: 5.8 | E101: 0 | F101: 0 | G101: 5.8 | H101: A acrescer | J101: =0.73*5.6+1.84 -> 5.928 | K101: =J101*1.8 -> 10.6704
A102: 500000 | B102: Regularização e compactação do subleito | C102: m2 | D102: 4.02 | E102: 0 | F102: 0 | G102: 4.02
A103: 520100 | B103: Escavação e carga mat. jazida 1a. cat. | C103: m3 | D103: 3.65 | E103: 0 | F103: 0 | G103: 3.65
A104: 520200 | B104: Escavação e carga mat. jazida 2a. cat. | C104: m3 | D104: 4.46 | E104: 0 | F104: 0 | G104: 4.46
A105: 521300 | B105: Extração, carga e transp. rocha jazida p/ britagem | C105: m3 | D105: 28.34 | E105: 11.72 | F105: 2.36 | G105: 42.42
A106: 535200 | B106: Extração, carga, transp. assent. cordão lat. pedra p/ pav. poliédrico | C106: m | D106: 5.47 | E106: 0 | F106: 3.99 | G106: 9.46 | H106: A acrescer
A107: 521450 | B107: Extração, carga, transp. preparo e assentamento do poliedro | C107: m2 | D107: 6.05 | E107: 0 | F107: 13.33 | G107: 19.38 | H107: A acrescer
A108: 560100 | B108: Imprimação impermeabilizante exclusive fornecimento e transporte da emulsão | C108: m2 | D108: 0.49 | E108: 0 | F108: 0 | G108: 0.49
A109: 560400 | B109: Imprimação impermeabilizante exclusive fornecimento e transporte do CM | C109: m2 | D109: 0.49 | E109: 0 | F109: 0 | G109: 0.49
A110: 510100 | B110: Limpeza de jazida 1a. cat. | C110: m3 | D110: 8.19 | E110: 0 | F110: 0 | G110: 8.19
A111: 510200 | B111: Limpeza de jazida 2a. cat. | C111: m3 | D111: 11.54 | E111: 0 | F111: 0 | G111: 11.54
A112: 515580 | B112: Limpeza de pavimento com jato de água | C112: m2 | D112: 2.41 | E112: 0 | F112: 0 | G112: 2.41
A113: 564000 | B113: Macadame betuminoso exclusive fornecimento e transporte da emulsão | C113: m3 | D113: 29.09 | E113: 108.97 | F113: 0 | G113: 138.06 | H113: A acrescer
A114: 564300 | B114: Macadame betuminoso exclusive fornecimento e transporte do CAP | C114: m3 | D114: 35.15 | E114: 110.57 | F114: 0 | G114: 145.72 | H114: A acrescer
A115: 532000 | B115: Macadame hidráulico | C115: m3 | D115: 24.19 | E115: 116.65 | F115: 0 | G115: 140.84 | H115: A acrescer
A116: 531350 | B116: Macadame seco britado preenchido c/bica corrida | C116: m3 | D116: 19.3 | E116: 103.24 | F116: 0 | G116: 122.54 | H116: A acrescer
A117: 531300 | B117: Macadame seco britado preenchido c/brita graduada | C117: m3 | D117: 19.3 | E117: 71.19 | F117: 35.34 | G117: 125.83 | H117: A acrescer
A118: 531500 | B118: Macadame seco britado preenchido c/pó de pedra | C118: m3 | D118: 19.3 | E118: 104.24 | F118: 0 | G118: 123.54 | H118: A acrescer
A119: 535000 | B119: Paralelepípedo(revestimento) | C119: m2 | D119: 36.13 | E119: 85.85 | F119: 0 | G119: 121.98 | H119: A acrescer
A120: 534906 | B120: Pavimento c/ bloco intertravado concreto (Paver-cor natural) e=6cm, incl. colchão areia | C120: m2 | D120: 21.7 | E120: 55.04 | F120: 0 | G120: 76.74 | H120: A acrescer
A121: 534916 | B121: Pavimento c/ bloco intertravado concreto (Paver-cor natural) e=6cm, incl. colchão pó de pedra | C121: m2 | D121: 21.7 | E121: 55.22 | F121: 0 | G121: 76.92 | H121: A acrescer
A122: 534908 | B122: Pavimento c/ bloco intertravado concreto (Paver-cor natural) e=8cm, incl. colchão areia | C122: m2 | D122: 21.7 | E122: 68.98 | F122: 0 | G122: 90.68 | H122: A acrescer
A123: 534918 | B123: Pavimento c/ bloco intertravado concreto (Paver-cor natural) e=8cm, incl. colchão pó de pedra | C123: m2 | D123: 21.7 | E123: 69.16 | F123: 0 | G123: 90.86 | H123: A acrescer
A124: 530000 | B124: Pedra britada (produzida) | C124: m3 | D124: 24.12 | E124: 0 | F124: 22.05 | G124: 46.17
A125: 530060 | B125: Pedra britada 4" (produzida) | C125: m3 | D125: 22.61 | E125: 0 | F125: 20.36 | G125: 42.97
A126: 561100 | B126: Pintura de ligação exclusive fornecimento e transporte da emulsão | C126: m2 | D126: 0.34 | E126: 0 | F126: 0 | G126: 0.34
A127: 561130 | B127: Pintura de ligação exclusive fornecimento e transporte de emulsão c/ polímero | C127: m2 | D127: 0.35 | E127: 0 | F127: 0 | G127: 0.35
A128: 516300 | B128: Preenchimento rebaixo c/ aprov. corte 3a. cat. | C128: m3 | D128: 14.37 | E128: 0 | F128: 0 | G128: 14.37 | H128: A acrescer
A129: 516000 | B129: Preenchimento rebaixo c/ brita | C129: m3 | D129: 4.81 | E129: 104.16 | F129: 0 | G129: 108.97 | H129: A acrescer
A130: 516100 | B130: Preenchimento rebaixo c/ rachão | C130: m3 | D130: 10.85 | E130: 102.83 | F130: 0 | G130: 113.68 | H130: A acrescer
A131: 516200 | B131: Preenchimento rebaixo c/ rachão s/ britagem | C131: m3 | D131: 10.85 | E131: 90.67 | F131: 0 | G131: 101.52 | H131: A acrescer
A132: 534600 | B132: Pré-mist. a frio p/ reforço - na usina excl. fornec. e transporte da emulsão | C132: m3 | D132: 27.2 | E132: 80.13 | F132: 0 | G132: 107.33 | H132: A acrescer
A133: 534000 | B133: Pré-mist. a frio p/ reforço exclusive fornec. e transporte da emulsão | C133: m3 | D133: 48.38 | E133: 113.22 | F133: 0 | G133: 161.6 | H133: A acrescer
A134: 534650 | B134: Pré-mist. a frio p/ revest. - na usina excl. fornec. e transporte da emulsão | C134: m3 | D134: 27.2 | E134: 80.13 | F134: 0 | G134: 107.33 | H134: A acrescer
A135: 534300 | B135: Pré-mist. a frio p/ revestimento exclusive fornec. e transporte da emulsão | C135: m3 | D135: 48.15 | E135: 111.62 | F135: 0 | G135: 159.77 | H135: A acrescer
A136: 570310 | B136: Pré-misturado a quente excl. fornec. e transporte do CAP (acima de 10.000 t) | C136: t | D136: 68.41 | E136: 91.25 | F136: 0 | G136: 159.66 | H136: A acrescer
A137: 570300 | B137: Pré-misturado a quente excl. fornec. e transporte do CAP (até 10.000 t) | C137: t | D137: 84.05 | E137: 93.94 | F137: 0 | G137: 177.99 | H137: A acrescer
...

Sheet Planilha1

Sheet Composições Auxiliares
C1: DERPR - Departamento de Estradas de Rodagem do Paraná
C2: Diretoria Técnica - Coordenadoria de Custo e Orçamento
C3: Relatório de Composição do Serviço
A5: Data Base: 31/08/2025 (Com desoneração) | R5: Valores expressos em Reais (R$)
A7: Serviço: Boca de lobo simples em alvenaria de blocos | R7: Unidade: m3
A9: (A)Equipamento | D9: Código | E9: Quantidade | I9: Ut. Pr | L9: Ut. Impr | P9: Vl. Hr. Prod | U9: Vl. Hr. Imp | Z9: Custo Horário
A10: Betoneira 600 l gasolina | D10: 373200 | E10: 1 | I10: 1 | L10: 0 | P10: 29.53 | U10: 6.67 | Z10: =TRUNC(E10*((I10*P10)+(L10*U10)),2) -> 29.53
A11: Carrinho de concretagem 80 l | D11: 301800 | E11: 3 | I11: 0.69 | L11: 0.31 | P11: 0.36 | U11: 0.25 | Z11: =TRUNC(E11*((I11*P11)+(L11*U11)),2) -> 0.97
A12: Vibrador imersão gasolina 45mm | D12: 370450 | E12: 2 | I12: 1 | L12: 0 | P12: 7.38 | U12: 0.88 | Z12: =TRUNC(E12*((I12*P12)+(L12*U12)),2) -> 14.76
A13: (A)Total: | V13: =Z10+Z11+Z12 -> 45.26
A15: (B)Mão-de-Obra | D15: Código | E15: Eq. Salarial | J15: Encargos(%) | N15: Sal/Hora | S15: Consumo | Y15: Custo Horário
A16: Pedreiro | D16: 200260 | E16: 2.02 | J16: 148.92 | N16: 34.69 | S16: 1 | Y16: =TRUNC(N16*S16,2) -> 34.69
A17: Servente | D17: 200130 | E17: 1.48 | J17: 148.92 | N17: 25.41 | S17: 14 | Y17: =TRUNC(N17*S17,2) -> 355.74
A18: Técnico de Campo I | D18: 210060 | E18: 2.62 | J18: 148.92 | N18: 44.99 | S18: 0.2 | Y18: =TRUNC(N18*S18,2) -> 8.99
A19: (B)Total: | V19: =Y16+Y17+Y18 -> 399.42
A21: (C)Itens de Incidência | D21: Código | E21: % | H21: M. O. | K21: Equip. | O21: Mat. | S21: Custo
A22: Ferramentas Manuais | D22: 29990 | E22: 5 | H22: X | S22: =TRUNC(V19*5%,2) -> 19.97
A23: (C)Total: | V23: =S22 -> 19.97
A25: Custo Horário da Execução (A) + (B) + (C) | R25: =V13+V19+V23 -> 464.65
A26: (D) Produção da Equipe | R26: 2.5
A27: (E) Custo Unitário da Execução [(A) + (B) + (C)] / (D) | R27: =TRUNC(R25/R26,2) -> 185.86
A29: (F)Materiais | D29: Código | E29: Unid. | H29: Custo Unitário | O29: Consumo | U29: Custo Unitário
A30: Areia | D30: 139000 | E30: m3 | H30: 79.11 | O30: 0.614 | U30: =TRUNC(H30*O30,2) -> 48.57
A31: Cimento Portland (saco de 50kg) | D31: 173200 | E31: t | H31: 607.2 | O31: 0.33 | U31: =TRUNC(H31*O31,2) -> 200.37
A32: Pedra britada (comercial) | D32: 130000 | E32: m3 | H32: 80.13 | O32: 0.74 | U32: =TRUNC(H32*O32,2) -> 59.29
A33: (F)Total: | V33: =U30+U31+U32 -> 308.23
A35: (G)Serviços | D35: Código | E35: Unid. | H35: Custo Unitário | O35: Consumo | U35: Custo Unitário
A36: Concreto estrutural | E36: m³ | O36: 0.47
A37: Formas | E37: m² | O37: 3.55
A38: Concreto magro | E38: m³ | O38: 0.19
A39: Guia Pré-moldada | E39: ud | O39: 1
A40: Alvenaria de Blocos | E40: m³ | O40: 0.47
A41: Revestimento de argamassa | E41: m² | O41: 3.55
A42: Graute | E42: m³ | O42: 0.19
A48: (G)Total: | V48: 0
A50: (H)Itens de Transporte | D50: Código | E50: Unid. | F50: Fórmula | M50: X1 | Q50: X2 | T50: Custo | W50: Consumo | AA50: Custo Unit.
A51: Areia (Trecho) | D51: 19010 | E51: t | F51: 0,73x1 + 0,88x2 | M51: 0 | Q51: 0 | T51: =AB51+AB52 -> 1.84 | W51: 0.921 | AA51: =TRUNC(T51*W51,2) -> 1.69 | AB51: =TRUNC((0.73*M51+0.88*Q51),2) -> 0
F52: 0,73x1 + 0,88x2 + 1,84 | M52: 0 | Q52: 0 | AB52: =TRUNC((0.73*M52+0.88*Q52+1.84),2)-0 -> 1.84
A53: Cimento (Trecho) | D53: 13200 | E53: t | F53: 0,69x1 + 0,83x2 | M53: 0 | Q53: 0 | T53: =AB53+AB54 -> 6.96 | W53: 0.33 | AA53: =TRUNC(T53*W53,2) -> 2.29 | AB53: =TRUNC((0.69*M53+0.83*Q53),2) -> 0
F54: 0,69x1 + 0,83x2 + 6,96 | M54: 0 | Q54: 0 | AB54: =TRUNC((0.69*M54+0.83*Q54+6.96),2) -> 6.96
A55: Pedra britada (Trecho) | D55: 19400 | E55: t | F55: 0,73x1 + 0,88x2 | M55: 0 | Q55: 0 | T55: =AB55+AB56 -> 1.84 | W55: 1.11 | AA55: =TRUNC(T55*W55,2) -> 2.04 | AB55: =TRUNC((0.73*M55+0.88*Q55),2) -> 0
F56: 0,73x1 + 0,88x2 + 1,84 | M56: 0 | Q56: 0 | AB56: =TRUNC((0.73*M56+0.88*Q56+1.84),2)-0 -> 1.84
A57: (H)Total: | V57: =AA51+AA53+AA55 -> 6.02
A59: Custo Direto Total (E) + (F) + (G) + (H) | V59: =R27+V33+V48 -> 494.09 | AB59: =V59+V57 -> 500.11
A63: SCONet - Sistema de Custos e Orçamentos | J63: DERPR
C66: DERPR - Departamento de Estradas de Rodagem do Paraná
C67: Diretoria Técnica - Coordenadoria de Custo e Orçamento
C68: Relatório de Composição do Serviço
A70: Data Base: 31/08/2025 (Com desoneração) | R70: Valores expressos em Reais (R$)
A72: Serviço: 605000 Concreto magro, preparo em betoneira e lanç. | R72: Unidade: m3
A74: (A)Equipamento | D74: Código | E74: Quantidade | I74: Ut. Pr | L74: Ut. Impr | P74: Vl. Hr. Prod | U74: Vl. Hr. Imp | Z74: Custo Horário
A75: Betoneira 600 l gasolina | D75: 373200 | E75: 1 | I75: 1 | L75: 0 | P75: 29.53 | U75: 6.67 | Z75: =TRUNC(E75*((P75*I75)+(L75*U75)),2) -> 29.53
A76: Carrinho de concretagem 80 l | D76: 301800 | E76: 3 | I76: 0.69 | L76: 0.31 | P76: 0.36 | U76: 0.25 | Z76: =TRUNC(E76*((P76*I76)+(L76*U76)),2)-0 -> 0.97
A77: Vibrador imersão gasolina 45mm | D77: 370450 | E77: 2 | I77: 1 | L77: 0 | P77: 7.38 | U77: 0.88 | Z77: =TRUNC(E77*((P77*I77)+(L77*U77)),2) -> 14.76
A78: (A)Total: | V78: =Z75+Z76+Z77 -> 45.26
A80: (B)Mão-de-Obra | D80: Código | E80: Eq. Salarial | J80: Encargos(%) | N80: Sal/Hora | S80: Consumo | Y80: Custo Horário
A81: Pedreiro | D81: 200260 | E81: 2.02 | J81: 148.92 | N81: 34.69 | S81: 1 | Y81: =TRUNC(N81*S81,2) -> 34.69
A82: Servente | D82: 200130 | E82: 1.48 | J82: 148.92 | N82: 25.41 | S82: 14 | Y82: =TRUNC(N82*S82,2) -> 355.74
A83: Técnico de Campo I | D83: 210060 | E83: 2.62 | J83: 148.92 | N83: 44.99 | S83: 0.2 | Y83: =TRUNC(N83*S83,2) -> 8.99
A84: (B)Total: | V84: =Y81+Y82+Y83 -> 399.42
A86: (C)Itens de Incidência | D86: Código | E86: % | H86: M. O. | K86: Equip. | O86: Mat. | S86: Custo
A87: Ferramentas Manuais | D87: 29990 | E87: 5 | H87: X | S87: =TRUNC(V84*5%,2) -> 19.97
A88: (C)Total: | V88: =S87 -> 19.97
A90: Custo Horário da Execução (A) + (B) + (C) | R90: =V78+V84+V88 -> 464.65
A91: (D) Produção da Equipe | R91: 2.5
A92: (E) Custo Unitário da Execução [(A) + (B) + (C)] / (D) | R92: =TRUNC(R90/R91,2) -> 185.86
A94: (F)Materiais | D94: Código | E94: Unid. | H94: Custo Unitário | O94: Consumo | U94: Custo Unitário
A95: Areia | D95: 139000 | E95: m3 | H95: 79.11 | O95: 0.71 | U95: =TRUNC(H95*O95,2) -> 56.16
A96: Cimento Portland (saco de 50kg) | D96: 173200 | E96: t | H96: 607.2 | O96: 0.18 | U96: =TRUNC(H96*O96,2) -> 109.29
A97: Pedra britada (comercial) | D97: 130000 | E97: m3 | H97: 80.13 | O97: 0.74 | U97: =TRUNC(H97*O97,2) -> 59.29
A98: (F)Total: | V98: =U95+U96+U97 -> 224.74
A100: (G)Serviços | D100: Código | E100: Unid. | H100: Custo Unitário | O100: Consumo | U100: Custo Unitário
A101: (G)Total: | V101: 0
A103: (H)Itens de Transporte | D103: Código | E103: Unid. | F103: Fórmula | M103: X1 | Q103: X2 | T103: Custo | W103: Consumo | AA103: Custo Unit.
A104: Areia (Trecho) | D104: 19010 | E104: t | F104: 0,73x1 + 0,88x2 | M104: =M51 -> 0 | Q104: =Q51 -> 0 | T104: =AB104+AB105 -> 1.84 | W104: 1.06 | AA104: =TRUNC(T104*W104,2) -> 1.95 | AB104: =AB51 -> 0
F105: 0,73x1 + 0,88x2 + 1,84 | M105: =M52 -> 0 | Q105: =Q52 -> 0 | AB105: =AB52 -> 1.84
A106: Cimento (Trecho) | D106: 13200 | E106: t | F106: 0,69x1 + 0,83x2 | M106: =M53 -> 0 | Q106: =Q53 -> 0 | T106: =AB106+AB107 -> 6.96 | W106: 0.18 | AA106: =TRUNC(T106*W106,2) -> 1.25 | AB106: =AB53 -> 0
F107: 0,69x1 + 0,83x2 + 6,96 | M107: =M54 -> 0 | Q107: =Q54 -> 0 | AB107: =AB54 -> 6.96
A108: Pedra britada (Trecho) | D108: 19400 | E108: t | F108: 0,73x1 + 0,88x2 | M108: =M55 -> 0 | Q108: =Q55 -> 0 | T108: =AB108+AB109 -> 1.84 | W108: 1.11 | AA108: =TRUNC(T108*W108,2) -> 2.04 | AB108: =AB55 -> 0
F109: 0,73x1 + 0,88x2 + 1,84 | M109: =M56 -> 0 | Q109: =Q56 -> 0 | AB109: =AB56 -> 1.84
A110: (H)Total: | V110: =AA104+AA106+AA108 -> 5.24
A112: Custo Direto Total (E) + (F) + (G) + (H) | V112: =R92+V98+V101 -> 410.6 | AB112: =V112+V110 -> 415.84
A116: SCONet - Sistema de Custos e Orçamentos | J116: DERPR
C118: DERPR - Departamento de Estradas de Rodagem do Paraná
C119: Diretoria Técnica - Coordenadoria de Custo e Orçamento
C120: Relatório de Composição do Serviço
A122: Data Base: 31/08/2025 (Com desoneração) | R122: Valores expressos em Reais (R$)
A124: Serviço: 603900 Lastro de brita | R124: Unidade: m3
A126: (A)Equipamento | D126: Código | E126: Quantidade | I126: Ut. Pr | L126: Ut. Impr | P126: Vl. Hr. Prod | U126: Vl. Hr. Imp | Z126: Custo Horário
A127: (A)Total: | V127: 0
A129: (B)Mão-de-Obra | D129: Código | E129: Eq. Salarial | J129: Encargos(%) | N129: Sal/Hora | S129: Consumo | Y129: Custo Horário
A130: Servente | D130: 200130 | E130: 1.48 | J130: 148.92 | N130: 25.41 | S130: 2 | Y130: =TRUNC(N130*S130,2) -> 50.82
A131: (B)Total: | V131: =Y130 -> 50.82
A133: (C)Itens de Incidência | D133: Código | E133: % | H133: M. O. | K133: Equip. | O133: Mat. | S133: Custo
A134: Ferramentas Manuais | D134: 29990 | E134: 5 | H134: X | S134: =TRUNC(V131*5%,2) -> 2.54
A135: (C)Total: | V135: =S134 -> 2.54
A137: Custo Horário da Execução (A) + (B) + (C) | R137: =V127+V131+V135 -> 53.36
A138: (D) Produção da Equipe | R138: 1
A139: (E) Custo Unitário da Execução [(A) + (B) + (C)] / (D) | R139: =R137/R138 -> 53.36
A141: (F)Materiais | D141: Código | E141: Unid. | H141: Custo Unitário | O141: Consumo | U141: Custo Unitário
...
